Cogmind - Beta 16.1 @@@ ROGUE MODE // 2026.04.24 @ 02:14:32 Player: szymekc Result: Escaped singularity! Performance ------------- Evolutions (9) 4500 Regions Visited (31) 6200 Robots Destroyed (1304) 6520 Value Destroyed (84145) 84145 Prototype IDs (404) 8080 Alien Tech Used (9) 1800 Bonus (107468) 107468 TOTAL SCORE: 218713 Bonus ------- Triggered High Security 1500 High Alert Combat Kills 56549 Follower Combat Kills 2883 Hunted by Unchained 500 Destroyed Unchained 1000 Network Hubs Disabled 400 Delivered SUBCON Basin 2000 Registered with UFD 300 Met Optimus in HQ 500 Met Imprinter 300 Triggered Deep Caves Wall 500 Exposed GOLEM Chamber 500 Built Enhanced Grunts 300 Met R17 at Cetus 500 Found Hidden Lab 3000 Met R17 at Research 2000 Scanned by Researcher 500 Destroyed MAIN.C Guards 500 Met MAIN.C 5000 Destroyed MAIN.C Shell 5000 Destroyed MAIN.C 10000 Met Architect 300 Destroyed A8 300 Destroyed A6 400 Destroyed A5 500 Destroyed Architect 15000 Win 3000 Friendly Fire -5764 Cogmind --------- Core Integrity 737/1600 Matter 109/300 Energy 2226/2240 System Corruption 0% Temperature Cool (4) Movement Walking (100) Location Near Former Tau Ceti IV Parts ------- > --- POWER (3) -------- Hybrid Graviton Reactor Concept Zero-point Core Concept Zero-point Core > --- PROPULSION (6) --- High-density Centrium Leg High-density Centrium Leg Experimental Biometal Leg Experimental Biometal Leg Experimental Biometal Leg Experimental Biometal Leg > --- UTILITY (13) ----- Experimental Power Amplifier Concept Thermoelectric Network Concept Antigrav Storage Unit Experimental Energy Well Experimental Optical Array Experimental Targeting Computer Concept Weapon Articulator Experimental Core Analyzer Improved Armor Integrity Analyzer Experimental Weapon Cycler Experimental Powered Armor AEGIS Remote Shield > --- WEAPON (4) ------- Heavy Quantum Rifle Potential Cannon Hypervelocity Linear Accelerator > --- INVENTORY (25) --- Zero-point Reactor Singularity Reactor Experimental Biometal Leg Experimental Biometal Leg Desublimator Experimental Energy Well (600) Concept Chromion Battery (800) Concept NT7 Matterbank (375) Mini Quantum Capacitor Experimental Powered Armor Experimental Focal Shield Experimental EM Shield Advanced Force Field Hypervelocity Multirail Hypervelocity Linear Accelerator Peak State ------------ > --- POWER ------------ Hybrid Graviton Reactor Concept Zero-point Core Concept Zero-point Core > --- PROPULSION ------- Experimental Armored Exoskeleton Concept Biometal Exoskeleton > --- UTILITY ---------- Concept Thermoelectric Network Concept Antigrav Storage Unit Assembled Combat Suite Concept Weapon Articulator Experimental Armor Integrity Analyzer Experimental Weapon Cycler Experimental Transmission Jammer Concept Cloak Mesh Concept Cloak Mesh Concept Energy Mantle Concept Network Penetrator Concept Navigation Harness > --- WEAPON ----------- Concept Plasma Driver Concept Plasma Driver Sigix Broadsword > --- INVENTORY -------- Experimental Power Amplifier Concept Phasing Heat Sink Concept Thermoelectric Network Concept Chromion Battery Concept NT7 Matterbank Mini Quantum Capacitor Experimental Reaction Control System Concept Phase Shift Module Advanced Focal Shield Experimental EM Shield Concept Matter Streamer Crosscalibrator Transdimensional Reconstructor Concept Lightning Penetrator Compact HERF Cannon Latent Energy Streamer Potential Cannon Improved Potential Cannon Concept Miniperforator Concept Miniperforator Concept Heavy Railcannon [Rating: 335] Favorites ----------- Power Concept Zero-point Core Engine Ion Engine Power Core Concept Zero-point Core Reactor Improved Quantum Reactor Propulsion Cooled Cesium-ion Thruster Treads Centrium Heavy Treads Leg Concept Biometal Exoskeleton Wheel Subdweller Monowheel Hover Unit Zionite Glidesys I Flight Unit Cooled Cesium-ion Thruster Utility Assembled Combat Suite Device Assembled Combat Suite Storage Huge Storage Unit Processor Advanced Signal Interpreter Hackware Concept Network Penetrator Protection Assembled Alloy Armor Weapon Assembled Focal Cannon Energy Gun Heavy Quantum Rifle Energy Cannon Assembled Focal Cannon Ballistic Gun Enhanced Coil Gun Ballistic Cannon Concept Miniperforator Launcher Enhanced Gamma Bomb Array Special Weapon Mining Laser Impact Weapon Powered Hammer Slashing Weapon Sigix Broadsword Special Melee Weapon Improved Datajack Build | -11 -10 -10 -10 -9 -9 -6 -6 -6 -6 -6 -6 -6 -5 -5 -5 -5 -5 -5 -4 -4 -4 -4 -4 -3 -3 -2 -2 -2 -1 -1 -1 ------- Run | Yrd Mat Min Sub Rec Scr Fac Was Fac Low Low Zio Dee Pro Fac Ext Cet Arc Hub Fac Was Fac Arm Lab Res Qua Res Tes Frg Acc Com Ac0 Slots Evolved 18 | . . . . . . 8 . . . . . . . 2 . . . . 2 . . . . 2 . 2 . . 2 . . Power 2 | . . . . . . . . . . . . . . 1 . . . . . . . . . 1 . . . . . . . Propulsion 4 | . . . . . . 3 . . . . . . . . . . . . . . . . . 1 . . . . . . . Utility 10 | . . . . . . 5 . . . . . . . . . . . . 2 . . . . . . 1 . . 2 . . Weapon 2 | . . . . . . . . . . . . . . 1 . . . . . . . . . . . 1 . . . . . Parts Attached 365 | 7 5 1 17 2 8 42 . 8 3 2 2 30 . 10 2 5 1 14 6 . 3 34 2 5 11 11 24 45 27 22 16 Power 33 | 1 . . 2 . 1 5 . 3 1 . . 1 . . . . . 3 . . . 3 . . 2 2 4 4 . 1 . Engine 8 | 1 . . 2 . 1 2 . 1 1 . . . . . . . . . . . . . . . . . . . . . . Core 7 | . . . . . . 3 . 2 . . . . . . . . . . . . . . . . . . . 2 . . . Reactor 18 | . . . . . . . . . . . . 1 . . . . . 3 . . . 3 . . 2 2 4 2 . 1 . Propulsion 72 | 2 . . 6 . 4 16 . 1 . . . 9 . 2 . 1 . 3 . . 3 2 . 1 2 3 6 4 . 4 3 Treads 26 | 2 . . 4 . . . . . . . . . . 1 . 1 . . . . 3 2 . 1 2 3 6 1 . . . Leg 15 | . . . . . . . . . . . . 1 . 1 . . . 3 . . . . . . . . . 3 . 4 3 Wheel 3 | . . . 2 . 1 . . . . . . . . . . . . . . . . . . . . . . . . . . Hover 18 | . . . . . . 9 . 1 . . . 8 . . . . . . . . . . . . . . . . . . . Flight 10 | . . . . . 3 7 . . . . . . . . . . . . . . . . . . . . . . . . . Utility 181 | 2 2 . 4 . 2 13 . 2 . 2 2 16 . 5 1 3 1 5 5 . . 16 1 2 3 5 10 31 24 15 9 Device 103 | 2 . . . . . 5 . . . . 1 7 . 3 1 . . 2 3 . . 12 . 2 1 5 4 19 21 10 5 Storage 20 | . 1 . 1 . 1 1 . . . 1 . 2 . 1 . 1 . 1 . . . 1 . . 1 . 2 5 . . 1 Processor 23 | . . . . . 1 6 . . . 1 . . . . . . . 2 1 . . . . . 1 . 1 5 . 4 1 Hackware 7 | . . . . . . . . 1 . . . . . . . . 1 . . . . 3 . . . . 1 . 1 . . Protection 28 | . 1 . 3 . . 1 . 1 . . 1 7 . 1 . 2 . . 1 . . . 1 . . . 2 2 2 1 2 Artifact . | . . . . . . . . . . . . . . . . . . . . . . . . . . . . . . . . Weapon 79 | 2 3 1 5 2 1 8 . 2 2 . . 4 . 3 1 1 . 3 1 . . 13 1 2 4 1 4 6 3 2 4 Energy Gun 10 | . . . 1 . . 2 . . . . . 2 . . . . . . . . . 2 . . 1 . . . . 2 . Energy Cannon 23 | . 1 . 1 . . 1 . 1 . . . 2 . 2 . . . . . . . 4 1 1 2 1 3 2 . . 1 Ballistic Gun 16 | 2 . . . 2 . . . . . . . . . 1 1 1 . 2 . . . 5 . 1 . . . . . . 1 Ballistic Cannon 11 | . 1 . 2 . . . . . . . . . . . . . . . . . . 2 . . . . 1 3 . . 2 Launcher 6 | . . 1 1 . . 1 . . . . . . . . . . . . . . . . . . . . . . 3 . . Special Weapon 4 | . 1 . . . . 1 . . . . . . . . . . . 1 1 . . . . . . . . . . . . Impact Weapon 1 | . . . . . . 1 . . . . . . . . . . . . . . . . . . . . . . . . . Slashing Weapon 7 | . . . . . 1 1 . 1 2 . . . . . . . . . . . . . . . 1 . . 1 . . . Piercing Weapon . | . . . . . . . . . . . . . . . . . . . . . . . . . . . . . . . . Special Melee Weapon 1 | . . . . . . 1 . . . . . . . . . . . . . . . . . . . . . . . . . Unidentified Prototypes 97 | . . . . . . 5 . 3 . . 1 9 . 2 1 4 . 4 1 . . 11 4 1 3 . 13 22 10 1 2 Corrupted Parts 1 | . . . . . . . . . . . . . . . . . . . . . . . . . . . . . . 1 . System Corruption 4 | . . . . . . . . . . . . . . . . . . . . . . . . . . . . . . 4 . Parts Lost 50 | . . . 5 . . 5 . 1 1 . . 12 . . . . . 1 2 . 3 3 . . . . . 1 . 5 11 Power 3 | . . . 1 . . . . 1 1 . . . . . . . . . . . . . . . . . . . . . . Propulsion 14 | . . . 2 . . 4 . . . . . 3 . . . . . . . . 1 2 . . . . . . . . 2 Utility 22 | . . . 2 . . . . . . . . 8 . . . . . . 2 . 1 1 . . . . . 1 . 4 3 Weapon 11 | . . . . . . 1 . . . . . 1 . . . . . 1 . . 1 . . . . . . . . 1 6 Highest Loss Streak 4 | . . . 2 . . 4 . 1 1 . . 4 . . . . . 1 1 . 2 2 . . . . . 1 . 3 3 To Critical Strikes 4 | . . . . . . . . . . . . . . . . . . . . . . 2 . . . . . . . . 2 Average Backups 16 | 1 9 15 13 8 12 3 6 7 6 7 7 10 11 11 19 18 17 17 17 18 19 18 21 21 22 21 20 20 21 20 19 Power . | . 1 1 . . . . . . . . . . 1 1 2 2 2 2 2 2 3 . . . . . . . . . 2 Propulsion 1 | . 1 2 4 3 3 1 1 1 1 1 1 . . . . 2 3 3 4 5 4 1 . . 1 1 . . . . 2 Utility 7 | . 3 4 2 1 3 . 2 3 2 3 2 5 8 7 11 8 7 7 7 6 7 12 13 13 9 8 8 11 11 12 8 Weapon 5 | . 4 8 6 4 2 1 3 2 2 2 1 2 2 1 5 4 4 3 3 3 3 4 6 6 5 4 6 7 8 6 5 Tool/Special . | . . . . . . . . . . . . . . . . . . . . . . . . . . . . . . . . Unused Backups 61 | . 3 . 5 . 2 2 . 1 1 . . 2 . 1 1 3 . 2 . . . 6 . . 3 6 3 10 3 3 4 Power 8 | . . . . . . . . . . . . 1 . . . 1 . . . . . 2 . . . 1 1 1 . . 1 Propulsion 5 | . . . . . . . . . . . . . . . . . . . . . . . . . . 3 . . . . 2 Utility 26 | . 3 . . . . 1 . . 1 . . 1 . 1 . 1 . 2 . . . 4 . . 1 1 . 6 . 3 1 Weapon 16 | . . . 5 . 2 . . 1 . . . . . . 1 1 . . . . . . . . . 1 . 2 3 . . Tool/Special 6 | . . . . . . 1 . . . . . . . . . . . . . . . . . . 2 . 2 1 . . . Average Slot Usage (%) 84 | . 100 100 99 100 88 86 100 99 99 100 98 81 82 81 84 80 78 85 83 80 77 81 71 74 80 82 82 77 79 80 86 Engine 3 | . 14 14 14 14 12 2 . . . 6 6 . . . . . . . . . . . . . . . . . . . . Core 2 | . . . . . . 3 6 5 5 . . . . . . . . . . . . . . . . . . 2 7 7 7 Reactor 3 | . . . . . . . . . . . . 4 5 4 5 5 4 5 4 4 4 8 10 9 12 12 11 6 3 3 3 Treads 6 | . 28 28 27 13 6 . . . . . . . . 1 . 2 5 4 . . 7 14 15 13 13 12 11 8 . . . Leg 5 | . . . . . . . . . . . . 10 17 16 21 15 10 11 19 19 9 . . . . . . 2 7 7 17 Wheel 1 | . . . . 14 6 . . . . . . . . . . . . . . . . . . . . . . . . . . Flight 3 | . . . . . 14 14 33 33 33 33 33 3 . . . . . . . . . . . . . . . . . . . Device 22 | . 7 . . . . 13 20 14 13 13 12 22 29 24 21 21 21 19 19 19 18 20 17 21 26 29 29 31 41 39 26 Storage 7 | . 13 14 14 14 13 1 6 6 6 6 6 10 11 10 10 10 10 10 9 9 8 9 10 9 5 4 4 4 3 3 4 Processor 4 | . . . . . 8 21 20 20 20 20 18 1 . . . . . 5 9 9 9 7 . . 2 4 4 4 3 2 11 Protection 5 | . 6 14 13 14 5 3 . 4 6 6 6 5 5 6 10 10 9 10 6 4 2 1 12 9 9 8 8 4 . . 3 Energy Cannon 6 | . 7 13 5 12 5 4 6 6 2 . . 9 11 13 14 10 10 7 5 9 9 6 5 6 4 7 8 6 3 4 3 Ballistic Gun 1 | . 10 . . 12 1 . . . . . . . . 1 . 4 5 7 7 4 4 8 . 4 . . . . . . . Ballistic Cannon 2 | . 8 14 18 . . . . . . . . . . . . . . . . . . . . . . . . . 2 2 2 Slashing Weapon 3 | . . . . . 11 1 . 5 9 13 13 2 . . . . . . . . . . . . 3 4 3 3 3 2 . Peak Build Rating 335 | 9 10 10 34 34 22 78 78 81 80 80 81 138 131 156 158 164 169 162 181 181 181 175 166 186 220 237 245 313 335 329 306 Average Rating 174 | 6 8 10 13 33 19 69 78 79 78 78 79 114 131 150 154 160 160 159 176 180 169 160 152 170 213 234 237 264 320 313 293 On Entrance 133 | . 9 10 10 34 16 20 78 78 80 77 80 78 131 131 151 158 161 157 158 180 181 164 164 156 186 218 235 241 305 321 300 Avg Prop Armor Cover (%) 7 | . . . . 10 10 3 . 2 . . . 6 . 4 . 6 6 6 . . 2 4 . . 4 . . . . . . Naked Turns 54 | . . . . . 54 . . . . . . . . . . . . . . . . . . . . . . . . . . Heaviest Build 202 | 9 38 38 104 104 104 38 28 30 30 40 53 83 75 180 188 188 177 176 182 182 182 179 176 187 194 200 202 202 135 170 165 Greatest Support 260 | 40 40 40 40 40 20 52 30 30 30 30 45 135 115 131 131 131 71 143 145 145 183 207 187 220 240 240 260 260 158 174 176 Greatest Overweight (x) 9 | . . . 2 5 9 2 . . . 1 1 2 . 1 1 2 2 2 1 1 1 . . . 1 . . 2 . 1 . Average Overweight (x) . | . . . . 4 3 . . . . . . . . . 1 1 2 1 1 1 . . . . . . . . . . . Largest Inventory Capacity 25 | 5 15 15 25 25 25 15 10 10 10 15 15 15 15 25 25 25 25 25 25 25 25 25 25 25 25 25 25 25 25 25 25 Average Capacity 21 | 5 14 15 16 25 20 5 10 10 10 12 13 14 15 17 25 25 25 25 25 25 25 24 25 25 25 25 25 25 25 25 25 Most Carried 25 | 2 15 15 25 25 25 14 8 10 10 13 13 15 15 19 25 25 25 25 25 25 25 25 25 25 25 25 25 25 25 25 25 Average Carried 20 | 1 9 15 14 24 16 5 8 9 9 11 11 12 15 15 23 24 24 24 24 24 24 22 23 23 24 24 24 24 24 24 22 Final Capacity 25 | 5 15 15 25 25 15 10 10 10 10 15 10 15 15 25 25 25 25 25 25 25 25 25 25 25 25 25 25 25 25 25 25 Final Carried 25 | 2 15 15 25 11 15 8 8 10 10 13 9 15 15 19 25 25 25 25 24 25 25 20 25 25 25 25 25 25 25 24 17 Class Distribution -------------------- 26% | Scavenger-Mutant 24% | Mutant 7% | Golem 6% | Scavenger-Gunner 5% | Scavenger-Golem 5% | Scout 3% | Infiltrator-Assassin 3% | Derelict-Mutant 3% | Gladiator 3% | Commander-Golem Dominant Class ---------------- Mutant | -10/Materials Mutant | -10/Mines Mutant | -10/Subcaves Derelict-Mutant | -9/Recycling Mutant | -9/Scraptown Scout | -6/Factory Scout | -6/Waste Scout | -6/Factory Scout | -6/Lower Caves Gladiator | -6/Lower Caves Gladiator | -6/Zion Golem | -6/Deep Caves Golem | -5/Proximity Caves Golem | -5/Factory Golem | -5/Extension Commander-Golem | -5/Cetus Commander-Golem | -5/Archives Tank | -5/Hub_04(d) Scavenger-Golem | -4/Factory Scavenger-Golem | -4/Waste Scavenger-Golem | -4/Factory Scavenger-Golem | -4/Armory Scavenger-Mutant | -4/Lab Infiltrator-Tank | -3/Research Scavenger-Assassin | -3/Quarantine Infiltrator-Assassin | -2/Research Infiltrator-Mutant | -2/Testing Scavenger-Mutant | -2/Protoforge Scavenger-Mutant | -1/Access Scavenger-Mutant | -1/Command Scavenger-Gunner | -1/Access_0 Resources | -11 -10 -10 -10 -9 -9 -6 -6 -6 -6 -6 -6 -6 -5 -5 -5 -5 -5 -5 -4 -4 -4 -4 -4 -3 -3 -2 -2 -2 -1 -1 -1 ----------- Run | Yrd Mat Min Sub Rec Scr Fac Was Fac Low Low Zio Dee Pro Fac Ext Cet Arc Hub Fac Was Fac Arm Lab Res Qua Res Tes Frg Acc Com Ac0 Matter Collected 33214 | 302 152 202 860 180 130 1540 . 150 37 14 55 2564 26 267 177 170 125 695 567 126 66 2106 . 348 652 470 400 3468 3204 12844 1317 Remotely 6005 | . . . . . . . . . . . . . . . . . . . . . . . . . . . . . 1835 4170 . Salvage Created 101963 | 113 216 94 475 495 . 2023 . 663 398 189 68 3098 188 1056 1185 342 454 2022 1869 1361 . 2591 . 756 2047 2640 3405 12346 16464 44468 937 Parts 3301 | 13 16 20 35 27 . 86 . 38 4 3 9 65 5 50 44 21 29 108 94 27 . 113 . 31 109 128 130 478 334 1246 38 Haulers Intercepted 18 | . 2 . . . . 3 . 2 . . . . . 2 . . . . 2 . . . . 3 2 1 . . 1 . . Recyclers Shooed 11 | . . . . . . 2 . . . . . . . 3 1 . . 1 1 . . . . 1 . . . . 1 1 . Parts Field Recycled . | . . . . . . . . . . . . . . . . . . . . . . . . . . . . . . . . Retrieved Matter . | . . . . . . . . . . . . . . . . . . . . . . . . . . . . . . . . Parts Self-Destructed 17 | . . . 9 . . . . . 1 1 . . 6 . . . . . . . . . . . . . . . . . . Prevented 1 | . . . . . . . . . 1 . . . . . . . . . . . . . . . . . . . . . . Parts Restored 4 | . . . . . . . . . . . . . . . . . . . . . . . . . . . . 4 . . . Faulty 4 | . . . . . . . . . . . . . . . . . . . . . . . . . . . . 4 . . . Kills | -11 -10 -10 -10 -9 -9 -6 -6 -6 -6 -6 -6 -6 -5 -5 -5 -5 -5 -5 -4 -4 -4 -4 -4 -3 -3 -2 -2 -2 -1 -1 -1 ------- Run | Yrd Mat Min Sub Rec Scr Fac Was Fac Low Low Zio Dee Pro Fac Ext Cet Arc Hub Fac Was Fac Arm Lab Res Qua Res Tes Frg Acc Com Ac0 Combat Hostiles Destroyed 1231 | . 2 12 18 8 . 15 . 3 . . . 66 4 20 14 3 1 25 22 5 . 36 . 8 19 28 29 159 182 538 14 Melee 21 | . . . . . . 2 . . . . . 12 . . . . . . . . . . . . . . 1 6 . . . Guns 55 | . . . . 3 . . . . . . . . . . . 1 1 14 6 2 . 25 . 3 . . . . . . . Cannons 826 | . 2 3 11 5 . 1 . 3 . . . 17 4 10 9 2 . 11 12 3 . 8 . 2 10 20 19 87 163 415 9 AOE 160 | . . 9 7 . . 12 . . . . . 35 . 10 5 . . . 4 . . . . 2 2 . . 25 . 48 1 Classes Destroyed 41 | 2 5 . 4 1 . 4 . 1 . . 1 4 1 . . . . 1 1 2 . 2 . . 2 . 2 8 . . . Worker 50 | . . . . . . 7 . 2 . . . . . 1 2 . . 5 6 . . . . . 1 . 4 2 4 16 . Builder 22 | . 1 . . . . 8 . 2 . . . . . . 2 . . 2 . . . . . 1 . 1 . 1 4 . . Tunneler 7 | 3 . . . . . 2 . . . . . . . . 1 . . 1 . . . . . . . . . . . . . Hauler 18 | . 2 . . . . 3 . 2 . . . . . 2 . . . . 2 . . . . 3 2 1 . . 1 . . Recycler 26 | 1 1 . . 1 . 8 . . . . . . . 1 3 . . . 1 . . . . . 2 . 1 . 2 5 . Carrier 11 | . . . . . . . . . . . . . . . . . . . . . . . . . . . . 3 6 2 . Mechanic 37 | . . . . . . . . . . . . . . . . . . . . . . . . . . . 1 3 14 19 . Operator 22 | . 1 . . . . 2 . 3 . . . . . 2 . . 8 . 1 . . . . . 1 2 . 1 1 . . Drone 10 | . . . . . . . . . . . . . 1 . . . . . . . . . . . . . . 5 . 4 . Turret 2 | . . . 2 . . . . . . . . . . . . . . . . . . . . . . . . . . . . Watcher 42 | . . . . . . 3 . 3 . . . . . . 1 1 . 3 3 . . 5 . 3 2 5 2 2 2 7 . Swarmer 108 | . 1 10 6 . . 11 . . . . . . . 7 . . . 3 3 . . 7 . 6 . 3 4 . 9 38 . Cutter 10 | . . . . . . . . . . . . . . . . . . . . . . . . . . . . . . 10 . Saboteur 37 | . . . . . . . . . . . . . . . . . . . . . . . . . . . . 8 8 21 . Grunt 343 | . 1 2 2 1 . . . . . . . . 2 6 5 . . 8 6 . . . . . 7 4 7 55 71 166 . Brawler 69 | . . . . . . . . 3 . . . . . . 1 . . 2 1 . . . . . . . . 12 15 35 . Duelist 52 | . . . . . . . . . . . . . . . . . . . . . . 2 . . . . 1 8 11 30 . Protector 35 | . . . . . . . . . . . . . . . . . . 2 . . . . . . . . . 2 11 20 . Researcher 11 | . . . . . . . . . . . . . . . . . . . . . . . . . 2 . 4 5 . . . Sentry 53 | . . . 1 6 . . . . . . . . 1 2 6 . 1 5 3 . . 3 . . . 1 . 10 7 7 . Demolisher 12 | . . . . . . . . . . . . . . . . . . . . . . . . . . . . . . 12 . Specialist 34 | . . . . . . . . . . . . . . . . . . . . . . 4 . . . 2 . 4 . 24 . Hunter 107 | . . . . . . 1 . . . . . . . 3 2 . . 2 . . . 2 . 2 1 8 7 10 9 60 . Programmer 139 | . . . . 1 . 3 . . . . . . . 2 . . . . 8 . . 10 . . 10 9 7 8 13 68 . Heavy 2 | . . . . . . . . . . . . . . . . . . . . . . . . . . . . . . 2 . Q-Series 4 | . . . . . . . . . . . . . . . . . . . . . . . . . . . . 4 . . . Behemoth 9 | . . . . . . . . . . . . . . . . . . . 1 . . . . . . 1 . . 4 3 . Compactor 5 | . . . . . . . . . . . . . . . . . . . . 5 . . . . . . . . . . . Armor Guard 4 | . . . . . . . . . . . . . . . . . . . . . . 4 . . . . . . . . . Cetus Guard 3 | . . . . . . . . . . . . . . . . 3 . . . . . . . . . . . . . . . M Guard 2 | . . . . . . . . . . . . . . . . . . . . . . . . . . . . . . 2 . Enhanced Grunt 2 | . . . . . . . . . . . . . . . . . . . . . . . . . . . . . . . 2 Enhanced Sentry 2 | . . . . . . . . . . . . . . . . . . . . . . . . . . . . . . . 2 Enhanced Hunter 6 | . . . . . . . . . . . . . . . . . . . . . . . . . . . . . . . 6 Lightning 3 | . . . . . . . . . . . . . . . . . . 3 . . . . . . . . . . . . . Hotshot 6 | . . . . . . . . . . . . . . . . . . . . . . . . . . . . 6 . . . Decapitator 7 | . . . . . . . . . . . . . . . . . . . . . . . . . . . . 7 . . . Immortal 2 | . . . . . . . . . . . . . . . . . . . . . . . . . . . . 2 . . . Overlord 1 | . . . . . . . . . . . . . . . . . . . . . . . . . . . . 1 . . . Combat Programmer 2 | . . . . . . . . . . . . . . . . . . . . . . . . . . . . . . 2 . Investigator 5 | . . . . . . . . . . . . . . . . . . . . . . . . . . . . . 2 3 . Striker 33 | . . . . . . . . . . . . . . . . . . . . . . . . . . . . 3 14 16 . Executioner 27 | . . . . . . . . . . . . . . . . . . . . . . . . . . . . 4 9 14 . Superbehemoth 1 | . . . . . . . . . . . . . . . . . . . . . . . . . . . 1 . . . . Alpha 7 7 | . . . . . . . . . . . . . . . . . . . . . . . . . 1 . . 4 . 2 . Fortress 1 | . . . . . . . . . . . . . . . . . . . . . . . . . . . 1 . . . . V-Series 5 | . . . . . . . . . . . . . . . . . . . . . . . . . . . . 5 . . . Protovariant X 1 | . . . . . . . . . . . . . . . . . . . . . . . . . . . 1 . . . . Artisan 1 | . . . 1 . . . . . . . . . . . . . . . . . . . . . . . . . . . . Subdweller 9 | . . . 9 . . . . . . . . . . . . . . . . . . . . . . . . . . . . Scrapoid 1 | . . . . . . 1 . . . . . . . . . . . . . . . . . . . . . . . . . Z-Technician 4 | . . . . . . . . . . . . 4 . . . . . . . . . . . . . . . . . . . Z-Light 9 | . . . . . . . . . . . . 9 . . . . . . . . . . . . . . . . . . . Decomposer 2 | . . . . . . . . . 2 . . . . . . . . . . . . . . . . . . . . . . Packrat 3 | . . . . . . . . . 1 2 . . . . . . . . . . . . . . . . . . . . . Tinkerer 3 | . . . . . . . . . . . 2 . . . . . . . . . . . . . . . . 1 . . . Assembler 2 | . . . . . . . . . . . . 2 . . . . . . . . . . . . . . . . . . . Assembled 41 | . . . . . . . . . . . . 41 . . . . . . . . . . . . . . . . . . . Golem 21 | . . . . . . . . . . . . 16 . . . . . . . . . 4 . . . . . 1 . . . Wasp 1 | . . . . . . . . . . . . . . . . . . . . 1 . . . . . . . . . . . Martyr 1 | . . . . . . . . . . . . . . . . . . . . 1 . . . . . . . . . . . Guerrilla 2 | . . . . . . . . . . . . . . . . . 1 1 . . . . . . . . . . . . . Best Kill Streak 65 | 2 3 3 8 4 . 6 . 2 . . 2 38 2 11 13 3 2 9 12 2 . 6 . 6 4 5 11 23 34 65 4 Combat Bots Only 65 | . 1 3 6 4 . 4 . 2 . . . 36 2 10 6 2 1 6 6 2 . 6 . 6 3 5 10 20 28 65 4 Max Kills in Single Turn 34 | 1 2 2 2 1 . 4 . 1 1 1 1 34 1 4 5 1 2 2 7 1 . 2 . 2 2 1 2 4 6 8 1 Gunslinging 1 | . . . . . . . . . . . . . . . . . . . . . . 1 . . . . . . . . . Exploded 34 | . . 2 2 . . 4 . . . . . 34 . 4 4 . . . 3 . . . . 2 1 . . 4 . 8 1 Melee 1 | . . . . . . 1 . . . . . 1 . . . . . . . . . . . . . . 1 1 . . . Uniques/NPCs Destroyed 9 | . . . . . . . . . . . 1 . . . . 1 . . . . . . . . . . . . 1 2 4 Imprinter (-6/Zion) A7 (-5/Cetus) BL-1NK (-1/Access) MAIN.C Shell (-1/Command) MAIN.C (-1/Command) A8 (-1/Access_0) A6 (-1/Access_0) A5 (-1/Access_0) Architect (-1/Access_0) Combat | -11 -10 -10 -10 -9 -9 -6 -6 -6 -6 -6 -6 -6 -5 -5 -5 -5 -5 -5 -4 -4 -4 -4 -4 -3 -3 -2 -2 -2 -1 -1 -1 -------- Run | Yrd Mat Min Sub Rec Scr Fac Was Fac Low Low Zio Dee Pro Fac Ext Cet Arc Hub Fac Was Fac Arm Lab Res Qua Res Tes Frg Acc Com Ac0 Hostile Shots Fired 4062 | . 15 34 76 29 . 52 . 1 38 . . 74 8 64 83 6 3 129 122 . 38 231 . 56 109 171 142 691 316 968 606 Missed 2087 | . 3 7 24 4 . 23 . 1 23 . . 23 1 30 28 5 2 43 60 . 11 72 . 21 43 63 59 295 207 711 328 Hits 1975 | . 12 27 52 25 . 29 . . 15 . . 51 7 34 55 1 1 86 62 . 27 159 . 35 66 108 83 396 109 257 278 Melee 50 | . . . . . . . . . . . . . . . . . . . . . . 7 . . . . . 27 1 13 2 Projectile 1925 | . 12 27 52 25 . 29 . . 15 . . 51 7 34 55 1 1 86 62 . 27 152 . 35 66 108 83 369 108 244 276 AOE 20 | . . . . . . . . . . . . . . . . . . 2 . . . . . . . . . 3 . 15 . Critical Strikes 156 | . 3 . 2 1 . 1 . . . . . 1 1 1 4 . 1 3 3 . 2 15 . . 3 6 7 63 5 13 21 Actively Blocked 64 | . . . . . . . . . . . . . . . . . . . 1 . 2 2 . . 1 2 3 44 . 9 . Part Disruptions 17 | . . . . . . . . . . . . . . . . . . . 1 . . 6 . . 1 . . 3 2 2 2 Damage Taken 27587 | . 162 277 975 343 . 510 . 83 229 . . 1753 129 526 804 12 40 1900 1081 41 666 1377 . 267 588 1151 716 5210 944 3074 4729 Core 2042 | . 18 18 42 90 . 52 . 56 95 . . 183 20 35 47 . . 105 71 . 45 84 . 8 . 28 17 289 17 140 582 Absorbed by Shields 17200 | . . . . . . . . . . . . . . . 225 12 . . . . . 1169 . 238 623 1205 758 4473 900 2951 4646 Reduced by Siege Mode 87 | . . . . . . . . . . . . . . . . . . 43 . . . . . . . 3 . 41 . . . Redirected to Shielding 371 | . . . . . . . . . 29 . . 256 . . . . . . . . . . . . . . . 86 . . . Ignored by Resistances 9366 | . . . . . . . . . . . . 25 26 109 218 6 11 374 378 . . 885 . 104 250 519 353 2193 878 2497 540 Regen/Repaired (Parts) 4653 | . . . . . . . . . . . 163 . . . . . . . . 1 . . . . 185 299 252 1821 631 1301 . Core Remaining (%) 69 | 100 . . . . 32 . . . . . . . 52 . . . . 81 . . . . 82 . 99 . . 65 . . 46 Volleys Fired 2330 | 16 27 15 93 21 . 42 . 26 2 . . 108 9 42 39 24 15 73 67 19 9 146 17 34 66 111 80 300 215 567 147 Largest 4 | 2 2 2 2 2 . 1 . 1 1 . . 2 2 2 3 3 3 3 3 3 2 3 1 3 2 2 2 2 2 4 3 Hottest 400 | 40 100 90 100 80 . 90 . 90 90 . . 75 50 58 81 83 83 98 85 80 50 175 40 134 153 188 188 280 280 380 400 Shots Fired 3972 | 32 44 21 136 28 . 42 . 26 2 . . 162 18 67 71 64 45 178 163 56 10 327 18 56 73 138 121 423 411 1027 213 Gun 626 | 32 8 . 22 14 . . . 1 . . . . . 1 . 18 15 118 90 18 . 222 . 28 . . . . . 18 21 Cannon 3253 | . 26 12 96 14 . 36 . 25 2 . . 160 18 63 68 46 30 60 72 38 10 105 18 28 73 138 121 423 411 968 192 Launcher 79 | . . 9 15 . . 6 . . . . . 2 . 3 3 . . . . . . . . . . . . . . 41 . Special 14 | . 10 . 3 . . . . . . . . . . . . . . . 1 . . . . . . . . . . . . Kinetic 1322 | 32 21 6 96 14 . . . . . . . . . 1 . 18 15 118 90 18 . 222 . 28 . . . 48 134 409 52 Thermal 2184 | . 23 6 40 14 . 36 . 25 2 . . 151 18 63 61 46 30 60 72 38 10 83 18 11 48 56 36 239 277 560 161 Explosive 23 | . . 9 . . . 6 . . . . . 2 . 3 3 . . . . . . . . . . . . . . . . Electromagnetic 442 | . . . . . . . . 1 . . . 9 . . 7 . . . . . . 22 . 17 25 82 85 136 . 58 . Robot Hit Streak 68 | 8 6 3 16 9 . 8 . 15 . . . 35 26 28 26 34 33 26 35 27 . 38 . 12 13 29 13 43 68 46 31 Robot Miss Streak 11 | 4 2 5 2 2 . 2 . 1 . . . 1 . 2 1 1 1 5 2 1 . 5 . 3 2 3 2 3 4 11 4 Penetration Max 3 | . . . . . . . . . . . . . . . . 1 . 1 2 . . 1 . 1 . . . 3 3 3 1 Secondary Targets 6 | . . . . . . . . . . . . . . . . . . 2 . . . 4 . . . . . . . . . Max Gunslinging Chain 1 | . . . . . . . . . . . . . . . . . . 1 . . . 1 . . . . . . . . . Capacitor 44 | . . . . . . . . . . . . . . . . . . . . . . . . . . . . . . . 44 Shots Hit Robots 2691 | 18 20 5 61 22 . 63 . 29 9 3 3 147 12 35 55 53 36 120 117 46 . 213 . 29 58 94 82 287 274 639 161 Core Hits 3275 | 8 8 17 36 9 . 46 . 15 5 2 1 187 5 58 72 21 18 75 58 16 . 85 . 19 42 44 47 257 533 1484 107 Critical Kills 578 | . . . . . . 1 . . . . . . . . . 1 1 7 1 . . 15 . 3 2 1 3 39 141 354 9 Critical Parts Destroyed 613 | . . . . . . 4 . . . . . . . . . 1 3 8 . . . 11 . 6 . . . 28 154 383 15 Critical Strikes 1297 | . 2 . 2 . . 7 . . 1 . . 2 . . . 4 4 17 1 1 . 42 . 9 2 4 5 92 299 773 30 Meltdown 78 | . . . . . . . . . . . . . . . . . . . . . . . . . 2 1 3 18 21 29 4 Destroy 1183 | . . . . . . . . . . . . . . . . 4 4 17 1 1 . 42 . 9 . . . 63 278 741 23 Blast 17 | . 2 . 2 . . . . . . . . . . . . . . . . . . . . . . . . 8 . 2 3 Corrupt 7 | . . . . . . . . . . . . . . . . . . . . . . . . . . 3 . 3 . 1 . Smash 6 | . . . . . . 6 . . . . . . . . . . . . . . . . . . . . . . . . . Sever 6 | . . . . . . 1 . . 1 . . 2 . . . . . . . . . . . . . . 2 . . . . Melee Attacks 306 | . . . . . . 83 . 51 14 4 4 67 . . . . . . . . . . . . 16 6 23 27 3 8 . Impact 59 | . . . . . . 50 . 9 . . . . . . . . . . . . . . . . . . . . . . . Slashing 246 | . . . . . . 32 . 42 14 4 4 67 . . . . . . . . . . . . 16 6 23 27 3 8 . Piercing . | . . . . . . . . . . . . . . . . . . . . . . . . . . . . . . . . Sneak Attacks 69 | . . . . . . 27 . 8 3 2 3 3 . . . . . . . . . . . . 6 . 5 7 . 5 . Combat Hostiles 1 | . . . . . . 1 . . . . . . . . . . . . . . . . . . . . . . . . . Follow-up Attacks 7 | . . . . . . . . . 1 . . 6 . . . . . . . . . . . . . . . . . . . Damage Inflicted 188078 | 144 392 777 2040 565 . 4924 . 1474 643 227 256 8870 573 3248 3887 1914 1175 4046 5704 1866 24 5640 . 1444 4101 4656 5979 28133 19360 54556 21460 Guns 11125 | 144 47 . 220 219 . . . 25 . . . . . . . 106 79 2463 2328 440 . 3784 . 453 . . . . . 200 617 Cannons 127301 | . 300 88 977 346 . 384 . 441 . . . 5098 573 1774 2361 1808 1096 1512 2517 1426 . 1856 . 603 2489 4556 4172 19611 19360 40093 13860 Explosions 36998 | . . 689 843 . . 874 . . . . . 2287 . 1395 1526 . . . 859 . . . . 388 642 100 . 6931 . 13481 6983 Melee 12383 | . . . . . . 3666 . 1008 643 227 256 1485 . . . . . . . . . . . . 970 . 1761 1585 . 782 . Ramming 271 | . 45 . . . . . . . . . . . . 79 . . . 71 . . 24 . . . . . 46 6 . . . Kinetic 25760 | 144 242 54 1778 219 . . . . . . . . . . . 106 79 2463 2328 440 . 3784 . 453 . . . 1951 2341 7456 1922 Thermal 119825 | . 105 34 262 346 . 384 . 441 . . . 5017 573 1917 2245 1808 1096 1512 3349 1426 . 1395 . 142 1697 1974 1633 19034 17019 36878 19538 Explosive 6747 | . . 689 . . . 874 . . . . . 2151 . 1252 1393 . . . . . . . . 388 . . . . . . . Electromagnetic 23092 | . . . . . . . . 25 . . . 217 . . 249 . . . 27 . . 461 . 461 1434 2682 2539 5557 . 9440 . Impact 1656 | . . . . . . 1594 . 62 . . . . . . . . . . . . . . . . . . . . . . . Slashing 10727 | . . . . . . 2072 . 946 643 227 256 1485 . . . . . . . . . . . . 970 . 1761 1585 . 782 . Piercing . | . . . . . . . . . . . . . . . . . . . . . . . . . . . . . . . . Highest Corruption 43 | . . . . . . . . 1 1 1 1 4 4 2 4 . . 8 2 10 10 12 12 . 16 6 14 43 . 19 . Average Corruption 9 | . . . . . . . . 1 1 1 1 4 4 1 2 . . 7 1 6 10 10 12 . 3 3 8 25 . 8 . Corruption Purged 30 | . . . . . . . . . . . . . . . 7 . . . . . . . . . . . . . . 23 . Corruption Blocked . | . . . . . . . . . . . . . . . . . . . . . . . . . . . . . . . . Effects 703 | . . . . . . . . 3 3 . 1 46 10 . 5 . . 14 7 16 11 85 19 . 27 10 57 224 . 165 . Message Errors 142 | . . . . . . . . . . . . 13 2 . 2 . . 1 2 2 2 21 4 . 11 2 15 31 . 34 . Matter Fused 171 | . . . . . . . . . 2 . . 10 4 . 1 . . 2 . 4 3 19 8 . 4 . 14 55 . 45 . Heat Flow Errors 63 | . . . . . . . . 2 . . . 5 3 . 1 . . 1 1 1 2 8 2 . . 1 4 20 . 12 . Energy Discharges 88 | . . . . . . . . 1 . . . 4 . . . . . 4 1 3 1 9 1 . 4 3 6 28 . 23 . Parts Rejected 9 | . . . . . . . . . . . . . . . . . . . . . 1 1 . . . . 2 1 . 4 . Parts Fused 7 | . . . . . . . . . . . . . . . . . . . . . . 1 . . 1 1 1 3 . . . Data Loss (minor) 76 | . . . . . . . . . 1 . . 5 . . 1 . . 2 1 3 . 12 1 . 3 1 6 27 . 13 . Data Loss (major) 32 | . . . . . . . . . . . 1 2 1 . . . . . 1 2 1 2 . . 2 1 3 12 . 4 . Misfires 32 | . . . . . . . . . . . . 2 . . . . . . . 1 . 3 2 . . 1 3 13 . 7 . Alerts 19 | . . . . . . . . . . . . 3 . . . . . 1 . . . 2 . . . . 1 6 . 6 . Misdirections 4 | . . . . . . . . . . . . . . . . . . . . . 1 1 . . . . . 2 . . . Weapon Failures 60 | . . . . . . . . . . . . 2 . . . . . 3 1 . . 6 1 . 2 . 2 26 . 17 . Overload Shots . | . . . . . . . . . . . . . . . . . . . . . . . . . . . . . . . . Overflow Damage 10014 | . 1 47 16 39 . 1469 . 96 153 54 78 458 22 187 75 53 106 23 91 . . 85 . 19 607 95 423 1849 1260 1996 712 Projectiles 5818 | . 1 . . 39 . 165 . . . . . 313 22 152 75 53 106 23 63 . . 85 . 6 74 95 156 1165 1260 1543 422 Explosions 996 | . . 47 16 . . 5 . . . . . 16 . 20 . . . . 28 . . . . 13 . . . 376 . 185 290 Melee 3200 | . . . . . . 1299 . 96 153 54 78 129 . 15 . . . . . . . . . . 533 . 267 308 . 268 . Knockbacks 174 | . 3 1 14 . . 5 . . . . . . . . . . . . . . . . . . . . . 11 17 98 25 Impact 4 | . . . . . . 4 . . . . . . . . . . . . . . . . . . . . . . . . . Kinetic 158 | . 1 1 12 . . . . . . . . . . . . . . . . . . . . . . . . 11 17 91 25 Secondary 12 | . 2 . 2 . . 1 . . . . . . . . . . . . . . . . . . . . . . . 7 . Self-Inflicted Damage 860 | . . 29 32 . . 90 . . . . . 133 . . 28 . . . 6 . . . . . . . . 79 . 348 115 Shots 31 | . . 1 1 . . 5 . . . . . 2 . . 2 . . . 1 . . . . . . . . 1 . 16 2 Rammed 13 | . 9 . . . . . . . . . . . . . . . . . . . 2 . . . . . 1 1 . . . Targets Rammed 22 | . 9 . . . . . . . . . . . . 4 . . . 5 . . 2 . . . . . 1 1 . . . Kicked 9 | . . . . . . . . . . . . . . 4 . . . 5 . . . . . . . . . . . . . Crushed . | . . . . . . . . . . . . . . . . . . . . . . . . . . . . . . . . Highest Temperature 330 | . 330 117 18 327 . 215 . 267 60 . 275 256 210 191 89 . . 108 187 107 137 306 201 240 99 320 251 224 223 223 203 Average Temperature 123 | . 75 44 6 134 . 64 . 90 27 . 141 99 95 104 28 . . 47 29 13 72 80 41 81 31 116 48 77 169 107 122 Received Heat Transfer 3164 | . 129 45 159 138 . 18 . . 66 . . 390 63 63 183 . . 375 123 . 123 238 . 16 24 60 32 730 52 92 45 Thermoelectric Energy+ 60353 | . . . . . . . . . . . . . . . . . . . . . . . . . . . . 343 51677 6040 2293 Effects 12 | . 1 . . 3 . 1 . . . . . . . . . . . . . . . . . . . . 1 . 1 4 1 Shutdowns 1 | . 1 . . . . . . . . . . . . . . . . . . . . . . . . . . . . . . Energy Bleed 6 | . . . . 1 . 1 . . . . . . . . . . . . . . . . . . . . 1 . 1 1 1 Interference 5 | . . . . 2 . . . . . . . . . . . . . . . . . . . . . . . . . 3 . Siege Activations 5 | . . . . . . . . . . . . . . . . . . 1 . . . . . . 2 1 . 1 . . . Total Turns 119 | . . . . . . . . . . . . . . . . . . 49 . . . . . . 7 8 . 55 . . . Longest Duration 55 | . . . . . . . . . . . . . . . . . . 49 . . . . . . 5 8 . 55 . . . Martial Activations . | . . . . . . . . . . . . . . . . . . . . . . . . . . . . . . . . Shielding Activations . | . . . . . . . . . . . . . . . . . . . . . . . . . . . . . . . . Robots Disrupted 9 | . . . . . . . . . . . . . . . . . . . 1 . . . . . 1 . 1 . . 6 . Combat Hostiles 9 | . . . . . . . . . . . . . . . . . . . 1 . . . . . 1 . 1 . . 6 . Robots Corrupted 106 | . . . . . . 8 . 1 . . . 2 . . . . . . . . . 3 . 1 7 8 6 24 . 46 . Combat Hostiles 95 | . . . . . . . . . . . . 2 . . . . . . . . . 3 . 1 6 7 6 24 . 46 . Parts Fried 222 | . . . . . . 13 . 2 . . . . . 3 . . . . . 1 . 6 . 2 10 24 28 44 . 89 . Impact Corruptions 28 | . . . . . . 26 . 1 . . . . . 1 . . . . . . . . . . . . . . . . . Robots Melted 86 | . . . . . . . . . . . . . . . . . . . . . . . . . 2 1 3 19 26 31 4 Combat Hostiles 74 | . . . . . . . . . . . . . . . . . . . . . . . . . 1 1 3 17 19 29 4 Parts Melted 198 | . . . . 1 . 1 . . . . . . 4 2 . . 1 . 2 . . 1 . 1 4 4 10 40 56 70 1 Heat Transferred 66069 | . 222 74 349 444 . 481 . 555 . . . 2750 300 1075 1225 882 625 784 1875 850 . 956 . 148 1369 1493 1198 13121 9257 20850 5186 Parts Sabotaged 2 | . . . . . . . . . . . . . . . . . . . . . . 1 . . . . . 1 . . . Parts Stolen . | . . . . . . . . . . . . . . . . . . . . . . . . . . . . . . . . Parts Stripped . | . . . . . . . . . . . . . . . . . . . . . . . . . . . . . . . . Power Chain Reactions 26 | . . . . . . . . . . . . 1 . . . . . . . . . . . . . 1 . 1 . 23 . Latent Energy Used 1153 | . . . . . . . . . . . . 137 . . 136 . . . . . . . . . 400 . . 200 . 280 . LE Corruption 22 | . . . . . . . . . . . . 3 . . 5 . . . . . . . . . 6 . . 3 . 5 . Alert | -11 -10 -10 -10 -9 -9 -6 -6 -6 -6 -6 -6 -6 -5 -5 -5 -5 -5 -5 -4 -4 -4 -4 -4 -3 -3 -2 -2 -2 -1 -1 -1 ------- Run | Yrd Mat Min Sub Rec Scr Fac Was Fac Low Low Zio Dee Pro Fac Ext Cet Arc Hub Fac Was Fac Arm Lab Res Qua Res Tes Frg Acc Com Ac0 Maximum Alert Level 5 | . . . . . . 2 1 . . . . . . 3 2 2 1 5 5 2 2 2 . . 1 2 2 5 5 5 . Low Security (%) 28 | 100 100 100 . 100 . 73 . 100 . . . . . 1 27 . 93 13 . . . 57 . 100 90 42 8 . . . . Level 1 14 | . . . . . . 4 100 . . . . . . 58 50 86 6 4 . 18 89 39 . . 9 33 73 8 . . . Level 2 9 | . . . . . . 22 . . . . . . . 32 22 13 . 9 . 81 10 3 . . . 24 17 25 . . . Level 3 2 | . . . . . . . . . . . . . . 7 . . . 2 32 . . . . . . . . 8 . . . Level 4 4 | . . . . . . . . . . . . . . . . . . 54 54 . . . . . . . . 7 . . . Level 5 14 | . . . . . . . . . . . . . . . . . . 10 12 . . . . . . . . 50 14 30 . High Security 26 | . . . . . . . . . . . . . . . . . . 4 . . . . . . . . . . 85 69 . Max Security . | . . . . . . . . . . . . . . . . . . . . . . . . . . . . . . . . Sterilizations 1 | . . . . . . . . . . . . . . . . . . . . . . . . . . . . . 1 . . Peak Influence 18805 | 5 93 135 . 149 . 604 224 164 . . . . . 716 447 436 225 1681 1757 614 424 520 . 196 228 545 612 4379 7440 18805 . Initial 4761 | . . 15 . 52 . . 209 149 . . . . . 300 340 238 113 . 1100 614 256 135 . . 36 116 306 330 2626 4761 . Average 3092 | 1 21 64 . 47 . 182 212 95 . . . . . 455 296 331 98 995 1355 497 325 170 . 94 67 243 313 1788 5919 11412 . Influence Increases 40054 | 20 282 359 285 338 . 1208 15 301 190 5 . . 109 1287 827 348 272 2331 1093 34 441 1019 . 327 746 970 977 4812 5124 14417 1917 Destroy 0b10 Robot/C 23640 | . 40 240 220 160 . 480 . 60 . . . . 80 620 460 160 80 920 440 . 140 640 . 160 420 560 660 3180 3560 10360 . Destroy 0b10 Robot/NC 1425 | 20 25 . . 5 . 165 . 60 10 5 . . 10 40 60 10 40 75 65 . 5 25 . 35 40 45 45 90 195 355 . Destroy Leader 2672 | . 14 40 20 . . 142 . 8 . . . . 10 104 66 . . 188 108 . 52 148 . 32 68 142 84 354 536 556 . Allied During Kill 1415 | . . . . . . 98 . . . . . . 9 64 130 170 114 649 . . 181 . . . . . . . . . . Trap Triggered on 0b10 10 | . . . . . . 10 . . . . . . . . . . . . . . . . . . . . . . . . . Successful Hack 430 | . 29 . . 20 . 24 . 29 . . . . . . 35 . . . 14 . 15 21 . 12 60 91 59 . 21 . . Select Force Hacks 230 | . 30 . . 150 . . . . . . . . . . . . . 50 . . . . . . . . . . . . . Disable Machine 1350 | . 15 . . . . 30 . 15 . . . . . 75 30 . 30 60 255 . 15 105 . 15 90 15 105 240 75 105 75 Anti-Garrison Action 450 | . . . . . . . . . . . . . . . . . . 200 . . . . . . . . . 200 . 50 . Destroy Structure 5732 | . 9 49 . 3 . 139 . 39 . . . . . 84 46 8 8 174 166 34 18 80 . 58 68 72 24 658 677 1476 1842 Advance Influence 300 | . . . . . . . . . . . . . . 300 . . . . . . . . . . . . . . . . . Partial Spotted 180 | . . . . . . 105 15 30 . . . . . . . . . . 15 . . . . . . . . . . 15 . Lose Combat Pursuer 2220 | . 120 30 45 . . 15 . 60 180 . . . . . . . . 15 30 . 15 . . 15 . 45 . 90 60 1500 . Influence Decreases 38524 | 20 242 272 303 447 . 609 400 453 127 130 . . 109 592 1095 491 556 650 1294 1425 530 778 518 261 605 632 935 1021 2062 2769 19198 Entered New Map 28275 | . . 25 67 57 . . 390 65 24 25 . . . . 355 189 171 . 858 1143 110 142 518 . 30 91 239 257 1752 2679 19088 Time Decay 8572 | 20 242 247 206 390 . 539 10 368 103 105 . . 109 422 490 262 325 460 416 222 160 574 . 261 450 541 546 754 310 40 . Lost Part 350 | . . . 30 . . 50 . 10 . . . . . . . . . 10 20 . 30 30 . . . . . 10 . 50 110 Lost Ally 720 | . . . . . . 20 . 10 . . . . . 20 100 40 60 180 . 60 230 . . . . . . . . . . Purge Threat 607 | . . . . . . . . . . . . . . 150 150 . . . . . . 32 . . 125 . 150 . . . . Squads Dispatched 204 | . 2 . . . . 12 . 11 . . . . . 6 6 . . 18 7 . 3 8 . 3 4 6 8 34 40 36 . Investigation 19 | . 2 . . . . . . 7 . . . . . 1 3 . . 3 . . . 1 . 1 . . . 1 . . . Extermination 35 | . . . . . . 5 . 4 . . . . . 1 . . . 1 2 . . 4 . . 3 4 4 6 1 . . Reinforcement 32 | . . . . . . 4 . . . . . . . 3 2 . . 7 . . 2 2 . 2 1 2 4 2 1 . . Assault 108 | . . . . . . 3 . . . . . . . . 1 . . 3 1 . . 1 . . . . . 25 38 36 . Garrison 10 | . . . . . . . . . . . . . . 1 . . . 4 4 . 1 . . . . . . . . . . Intercept . | . . . . . . . . . . . . . . . . . . . . . . . . . . . . . . . . Searches Triggered . | . . . . . . . . . . . . . . . . . . . . . . . . . . . . . . . . Unchained Authorized 1 | . . . . . . . . . . . . . . . . . . . . . . . . . . . . . 1 . . Construction Impeded 6 | . . . . . . 2 . . . . . . . 1 1 . . 2 . . . . . . . . . . . . . Haulers Reinforced 3 | . . . . . . 1 . . . . . . . 1 . . . . . . . . . 1 . . . . . . . Active Scanning Responses . | . . . . . . . . . . . . . . . . . . . . . . . . . . . . . . . . Cargo Convoy Interrupts . | . . . . . . . . . . . . . . . . . . . . . . . . . . . . . . . . Stealth | -11 -10 -10 -10 -9 -9 -6 -6 -6 -6 -6 -6 -6 -5 -5 -5 -5 -5 -5 -4 -4 -4 -4 -4 -3 -3 -2 -2 -2 -1 -1 -1 --------- Run | Yrd Mat Min Sub Rec Scr Fac Was Fac Low Low Zio Dee Pro Fac Ext Cet Arc Hub Fac Was Fac Arm Lab Res Qua Res Tes Frg Acc Com Ac0 Distress Signals 25 | . 1 . . . . 2 . 2 . . . . 1 . 1 3 . 1 . . 2 1 . 3 . 1 1 . . 6 . Communications Jammed 267 | . . . . . . . . . . . . . . . . . . . . . . 19 . 11 21 19 1 41 35 120 . Distress Signals 256 | . . . . . . . . . . . . . . . . . . . . . . 19 . 10 21 19 1 40 35 111 . Times Spotted 1474 | . 15 14 18 6 . 28 3 12 19 . 11 66 6 38 26 9 6 49 28 5 17 43 . 17 30 41 37 191 175 516 48 Peak Tracking Total 43 | . 4 3 4 3 . 4 3 4 10 . 11 37 3 9 8 5 1 11 6 2 8 5 . 3 7 7 6 19 14 43 4 Tactical Retreats 60 | . 6 1 1 . . 1 . 2 4 . . . . . . . . 1 2 . 1 1 . 1 . 2 . 5 3 29 . Traps | -11 -10 -10 -10 -9 -9 -6 -6 -6 -6 -6 -6 -6 -5 -5 -5 -5 -5 -5 -4 -4 -4 -4 -4 -3 -3 -2 -2 -2 -1 -1 -1 ------- Run | Yrd Mat Min Sub Rec Scr Fac Was Fac Low Low Zio Dee Pro Fac Ext Cet Arc Hub Fac Was Fac Arm Lab Res Qua Res Tes Frg Acc Com Ac0 Traps Triggered 37 | . 1 . 3 . . 1 . 2 . . . . . . 4 . . . 2 . . . . . 1 1 3 12 1 6 . Indirectly 2 | . . . . . . . . . . . . . . . . . . . . . . . . . . . . 2 . . . Trap Hack Attempts . | . . . . . . . . . . . . . . . . . . . . . . . . . . . . . . . . Triggered . | . . . . . . . . . . . . . . . . . . . . . . . . . . . . . . . . Disarmed . | . . . . . . . . . . . . . . . . . . . . . . . . . . . . . . . . Reprogrammed . | . . . . . . . . . . . . . . . . . . . . . . . . . . . . . . . . Reused 1 | . . . . . . 1 . . . . . . . . . . . . . . . . . . . . . . . . . Traps Extracted . | . . . . . . . . . . . . . . . . . . . . . . . . . . . . . . . . Installed 2 | . . . . . . 1 . . . . 1 . . . . . . . . . . . . . . . . . . . . Triggered 1 | . . . . . . 1 . . . . . . . . . . . . . . . . . . . . . . . . . Most Traps Carried 2 | . . . . . 2 2 1 1 1 1 1 . . . . . . . . . . . . . . . . . . . . Machines | -11 -10 -10 -10 -9 -9 -6 -6 -6 -6 -6 -6 -6 -5 -5 -5 -5 -5 -5 -4 -4 -4 -4 -4 -3 -3 -2 -2 -2 -1 -1 -1 ---------- Run | Yrd Mat Min Sub Rec Scr Fac Was Fac Low Low Zio Dee Pro Fac Ext Cet Arc Hub Fac Was Fac Arm Lab Res Qua Res Tes Frg Acc Com Ac0 Machines Disabled 137 | . 1 . 4 . . 2 . 1 . . . 3 . 5 5 . 2 4 17 . 1 7 4 1 7 1 7 31 19 10 5 Max in Single Turn 11 | . 1 . 1 . . 2 . 1 . . . 1 . 3 2 . . 1 11 . . 1 1 1 1 1 1 1 3 2 1 Garrison Access 11 | . . . . . . 1 . 1 . . . . . . . . . 1 . . . . . 1 1 . 1 1 4 . . Phase Generator 1 | . . . . . . . . . . . . . . . . . . . . . . . . . . . . . . 1 . Network Hub 2 | . . . . . . . . . . . . . . . . . . 2 . . . . . . . . . . . . . Energy Cycler 2 | . . . . . . . . . . . . . . . . . . . . . . . . . . . . . 2 . . Machines Repaired . | . . . . . . . . . . . . . . . . . . . . . . . . . . . . . . . . Machines Dismantled 1 | . . . . . . . . . . . . . . . . . . 1 . . . . . . . . . . . . . Machines Sabotaged 1 | . . . . . . . . . . . . . . . . . . 1 . . . . . . . . . . . . . Overloaded Fab Kills . | . . . . . . . . . . . . . . . . . . . . . . . . . . . . . . . . Hacking | -11 -10 -10 -10 -9 -9 -6 -6 -6 -6 -6 -6 -6 -5 -5 -5 -5 -5 -5 -4 -4 -4 -4 -4 -3 -3 -2 -2 -2 -1 -1 -1 --------- Run | Yrd Mat Min Sub Rec Scr Fac Was Fac Low Low Zio Dee Pro Fac Ext Cet Arc Hub Fac Was Fac Arm Lab Res Qua Res Tes Frg Acc Com Ac0 Machines Accessed 125 | . 7 . 3 11 3 13 . 17 2 1 . . . 2 11 . . 5 2 . 2 8 1 3 9 10 9 3 3 . . Terminals 75 | . 5 . . 6 . 6 . 10 1 . . . . 1 11 . . 4 2 . 1 5 . 1 7 8 5 1 1 . . Fabricators 7 | . . . . . . 1 . 2 . . . . . . . . . . . . . 2 . . . . 2 . . . . Repair Stations . | . . . . . . . . . . . . . . . . . . . . . . . . . . . . . . . . Recycling Units 16 | . 2 . . 5 . 3 . 3 . . . . . 1 . . . . . . . 1 . . . . . 1 . . . Scanalyzers 9 | . . . . . . 2 . 1 . . . . . . . . . . . . 1 . . 1 1 2 1 . . . . Garrison Access 9 | . . . . . . 1 . 1 . . . . . . . . . 1 . . . . . 1 1 . 1 1 2 . . Total Hacks 357 | . 27 . 3 27 27 30 . 34 5 1 . . . 6 20 . . 7 5 . 10 33 2 14 27 38 29 3 9 . . Successful 172 | . 13 . 3 17 27 13 . 13 5 1 . . . 2 7 . . 3 1 . 6 16 2 5 9 16 7 2 4 . . Failed 184 | . 14 . . 10 . 16 . 21 . . . . . 4 13 . . 4 4 . 4 17 . 9 18 22 22 1 5 . . Catastrophic 50 | . 1 . . 1 . 3 . 9 . . . . . 3 4 . . 3 1 . 1 7 . 1 3 8 4 1 . . . Database Lockouts 1 | . . . . . . 1 . . . . . . . . . . . . . . . . . . . . . . . . . Manual 143 | . 16 . . 19 . 9 . 19 . . 4 . . 5 10 1 . 6 . . 2 19 . 4 6 10 11 2 . . . Terminals 226 | . 21 . . 19 . 16 . 23 4 . . . . 4 20 . . 5 5 . 2 26 . 4 22 30 20 1 4 . . Fabricators 13 | . . . . . . 1 . 3 . . . . . . . . . . . . . 6 . . . . 3 . . . . Repair Stations . | . . . . . . . . . . . . . . . . . . . . . . . . . . . . . . . . Recycling Units 27 | . 6 . . 8 . 4 . 5 . . . . . 2 . . . . . . . 1 . . . . . 1 . . . Scanalyzers 40 | . . . . . . 8 . 2 . . . . . . . . . . . . 8 . . 8 3 8 3 . . . . Garrison Access 17 | . . . . . . 1 . 1 . . . . . . . . . 2 . . . . . 2 2 . 3 1 5 . . Terminal Hacks 88 | . 4 . 3 2 27 2 . 4 5 1 . . . 2 7 . . . 1 . 1 7 2 . 6 8 3 1 2 . . Record 25 | . . . . . 19 . . . 4 . . . . . . . . . . . . . 2 . . . . . . . . Part Schematic 1 | . . . . . . . . 1 . . . . . . . . . . . . . . . . . . . . . . . Robot Analysis 8 | . . . . 1 7 . . . . . . . . . . . . . . . . . . . . . . . . . . Prototype ID Bank 9 | . 3 . . . . 2 . . . . . . . . . . . . 1 . . . . . . 2 . . 1 . . Open Door 11 | . . . 1 . . . . . 1 1 . . . . 6 . . . . . . 1 . . 1 . . . . . . Branch Access Points 3 | . . . . . . . . . . . . . . . . . . . . . 1 1 . . . 1 . . . . . Emergency Access Points 4 | . . . . . . . . . . . . . . 1 . . . . . . . . . . . 3 . . . . . Terminal Index 2 | . . . . . . . . . . . . . . . . . . . . . . 1 . . . 1 . . . . . Fabricator Index 1 | . . . . . . . . . . . . . . . . . . . . . . 1 . . . . . . . . . Alert Level 2 | . . . . . . . . . . . . . . . . . . . . . . 2 . . . . . . . . . Unreport Threat 6 | . . . . . . . . . . . . . . 1 1 . . . . . . 1 . . 2 . 1 . . . . Locate Traps 3 | . . . . . . . . 1 . . . . . . . . . . . . . . . . 1 1 . . . . . Hauler Manifests 6 | . 1 . . . . . . 2 . . . . . . . . . . . . . . . . 1 . 2 . . . . Registered Components 1 | . . . . 1 . . . . . . . . . . . . . . . . . . . . . . . . . . . Registered Prototypes 1 | . . . . . . . . . . . . . . . . . . . . . . . . . . . . . 1 . . Zone Layout 1 | . . . . . . . . . . . . . . . . . . . . . . . . . 1 . . . . . . Proto ID Catalog 3 | . . . 1 . 1 . . . . . . . . . . . . . . . . . . . . . . 1 . . . Release Object 1 | . . . 1 . . . . . . . . . . . . . . . . . . . . . . . . . . . . Fabricator Hacks 9 | . . . . . . . . 2 . . . . . . . . . . . . . 6 . . . . 1 . . . . Network Status 1 | . . . . . . . . . . . . . . . . . . . . . . . . . . . 1 . . . . Load Schematic 4 | . . . . . . . . 1 . . . . . . . . . . . . . 3 . . . . . . . . . Build 4 | . . . . . . . . 1 . . . . . . . . . . . . . 3 . . . . . . . . . Repair Station Hacks . | . . . . . . . . . . . . . . . . . . . . . . . . . . . . . . . . Recycling Unit Hacks 8 | . 1 . . 3 . 2 . 2 . . . . . . . . . . . . . . . . . . . . . . . Retrieve Components 8 | . 1 . . 3 . 2 . 2 . . . . . . . . . . . . . . . . . . . . . . . Scanalyzer 23 | . . . . . . 6 . . . . . . . . . . . . . . 5 . . 4 1 6 1 . . . . Insert Component 14 | . . . . . . 2 . . . . . . . . . . . . . . 3 . . 2 1 5 1 . . . . Analyze 3 | . . . . . . 2 . . . . . . . . . . . . . . 1 . . . . . . . . . . Retrieve Study 6 | . . . . . . 2 . . . . . . . . . . . . . . 1 . . 2 . 1 . . . . . Garrison Access Hacks 6 | . . . . . . . . 1 . . . . . . . . . . . . . . . 1 1 . 1 . 2 . . Seal Access 6 | . . . . . . . . 1 . . . . . . . . . . . . . . . 1 1 . 1 . 2 . . Unauthorized Hacks 38 | . 8 . . 12 . 3 . 4 . . . . . . . . . 3 . . . 3 . . 1 2 1 1 . . . Terminals 26 | . 6 . . 7 . 3 . 2 . . . . . . . . . 2 . . . 2 . . 1 2 1 . . . . Assimilate 1 | . . . . . . . . 1 . . . . . . . . . . . . . . . . . . . . . . . Botnet 8 | . 1 . . 1 . . . 1 . . . . . . . . . . . . . 1 . . 1 2 1 . . . . Operators 1 | . . . . . . . . . . . . . . . . . . . . . . 1 . . . . . . . . . Skim 14 | . 5 . . 6 . 3 . . . . . . . . . . . . . . . . . . . . . . . . . Sabotage 2 | . . . . . . . . . . . . . . . . . . 2 . . . . . . . . . . . . . Fabricators . | . . . . . . . . . . . . . . . . . . . . . . . . . . . . . . . . Repair Stations . | . . . . . . . . . . . . . . . . . . . . . . . . . . . . . . . . Recycling Units 10 | . 2 . . 5 . . . 2 . . . . . . . . . . . . . 1 . . . . . . . . . Reject 1 | . 1 . . . . . . . . . . . . . . . . . . . . . . . . . . . . . . Tunnel 6 | . 1 . . 5 . . . . . . . . . . . . . . . . . . . . . . . . . . . Fedlink 3 | . . . . . . . . 2 . . . . . . . . . . . . . 1 . . . . . . . . . Scanalyzers . | . . . . . . . . . . . . . . . . . . . . . . . . . . . . . . . . Garrison Access 2 | . . . . . . . . . . . . . . . . . . 1 . . . . . . . . . 1 . . . Jam 2 | . . . . . . . . . . . . . . . . . . 1 . . . . . . . . . 1 . . . Data Cores Recovered 11 | . 1 . . . . 2 . 3 . . . . . 1 1 . . . . . . . . . 1 2 . . . . . Used 6 | . . . . . . 1 . 1 . . . . . . 1 . . . . . . . . . 1 2 . . . . . Hacking Detections 85 | . 6 . . 6 . 10 . 15 . . . . . 2 9 1 . 2 2 . 1 5 . 1 7 9 6 . 3 . . Full Trace Events 7 | . . . . . . . . 4 . . . . . 1 2 . . . . . . . . . . . . . . . . Feedback Events 1 | . . . . . . . . 1 . . . . . . . . . . . . . . . . . . . . . . . Corruption 1 | . . . . . . . . 1 . . . . . . . . . . . . . . . . . . . . . . . Feedback Blocked . | . . . . . . . . . . . . . . . . . . . . . . . . . . . . . . . . Robot Schematics Acquired 10 | . . . . . . . . . . . 4 . . . . . . . . . . . . . 3 . 1 2 . . . Robots Built . | . . . . . . . . . . . . . . . . . . . . . . . . . . . . . . . . Authchips . | . . . . . . . . . . . . . . . . . . . . . . . . . . . . . . . . Time . | . . . . . . . . . . . . . . . . . . . . . . . . . . . . . . . . Total Robot Build Rating . | . . . . . . . . . . . . . . . . . . . . . . . . . . . . . . . . Part Schematics Acquired 73 | . . . . . 11 17 . 1 . . 15 . . . . . . . . . 1 . . . 4 . 15 9 . . . Parts Built 6 | . . . . . . . . 2 . . . . . . . . . . . . . 4 . . . . . . . . . Authchips 3 | . . . . . . . . . . . . . . . . . . . . . . 3 . . . . . . . . . Time 453 | . . . . . . . . 62 . . . . . . . . . . . . . 391 . . . . . . . . . Total Part Build Rating 36 | . . . . . . . . 4 . . . . . . . . . . . . . 32 . . . . . . . . . Part Studies Acquired 6 | . . . . . . 2 . . . . . . . . . . . . . . 1 . . 2 . 1 . . . . . Parts Repaired . | . . . . . . . . . . . . . . . . . . . . . . . . . . . . . . . . Time . | . . . . . . . . . . . . . . . . . . . . . . . . . . . . . . . . Parts Recycled . | . . . . . . . . . . . . . . . . . . . . . . . . . . . . . . . . Recycled Matter . | . . . . . . . . . . . . . . . . . . . . . . . . . . . . . . . . Retrieved Matter . | . . . . . . . . . . . . . . . . . . . . . . . . . . . . . . . . Retrieved Components 31 | . 2 . . 21 . 3 . 5 . . . . . . . . . . . . . . . . . . . . . . . Parts Scanalyzed 3 | . . . . . . 2 . . . . . . . . . . . . . . 1 . . . . . . . . . . Part Schematics Acquired 3 | . . . . . . 2 . . . . . . . . . . . . . . 1 . . . . . . . . . . Parts Damaged . | . . . . . . . . . . . . . . . . . . . . . . . . . . . . . . . . Bothacking | -11 -10 -10 -10 -9 -9 -6 -6 -6 -6 -6 -6 -6 -5 -5 -5 -5 -5 -5 -4 -4 -4 -4 -4 -3 -3 -2 -2 -2 -1 -1 -1 ------------ Run | Yrd Mat Min Sub Rec Scr Fac Was Fac Low Low Zio Dee Pro Fac Ext Cet Arc Hub Fac Was Fac Arm Lab Res Qua Res Tes Frg Acc Com Ac0 Used RIF Installer . | . . . . . . . . . . . . . . . . . . . . . . . . . . . . . . . . Robots Hacked 2 | . . . . . . 1 . . . . . . . . . . . . 1 . . . . . . . . . . . . Non-combat 2 | . . . . . . 1 . . . . . . . . . . . . 1 . . . . . . . . . . . . Combat . | . . . . . . . . . . . . . . . . . . . . . . . . . . . . . . . . Robot Hacks Applied 2 | . . . . . . 1 . . . . . . . . . . . . 1 . . . . . . . . . . . . find_chute 2 | . . . . . . 1 . . . . . . . . . . . . 1 . . . . . . . . . . . . Relay Couplers Released 10 | . . . . . . 7 . . . . . . . . . . . . . . . . . . . . . . 3 . . Machine Destruction 3 | . . . . . . . . . . . . . . . . . . . . . . . . . . . . . 3 . . Programmers 7 | . . . . . . 7 . . . . . . . . . . . . . . . . . . . . . . . . . Fabnet Peak Effective % . | . . . . . . . . . . . . . . . . . . . . . . . . . . . . . . . . Robots Rewired 8 | . . . . . . . . . . . . . . . 8 . . . . . . . . . . . . . . . . Allies Hacked 1 | . . . . . . 1 . . . . . . . . . . . . . . . . . . . . . . . . . Hacks Repelled . | . . . . . . . . . . . . . . . . . . . . . . . . . . . . . . . . Allies | -11 -10 -10 -10 -9 -9 -6 -6 -6 -6 -6 -6 -6 -5 -5 -5 -5 -5 -5 -4 -4 -4 -4 -4 -3 -3 -2 -2 -2 -1 -1 -1 -------- Run | Yrd Mat Min Sub Rec Scr Fac Was Fac Low Low Zio Dee Pro Fac Ext Cet Arc Hub Fac Was Fac Arm Lab Res Qua Res Tes Frg Acc Com Ac0 Total Allies 50 | . . . . . . 5 . 1 . . . 1 . . 20 5 . . . 18 . . . . . . . . . . . Largest Group 18 | . . . . . . 5 . 1 . . . 1 1 1 15 17 16 10 . 18 13 . . . . . . . . . . Highest-Rated Group 1003 | . . . . . . 238 . 10 . . . 99 99 99 616 1003 841 648 . 638 463 . . . . . . . . . . Highest-Rated Ally 159 | . . . . . . 50 . 10 . . . 99 99 99 159 159 96 96 . 50 46 . . . . . . . . . . Initial UFD Resources 61 | . . . . . . 23 23 23 37 37 37 37 40 40 40 40 40 40 44 44 44 44 54 56 56 58 58 58 61 61 61 Total Orders 5 | . . . . . . . . . . . . . . . . 1 1 3 . . . . . . . . . . . . . STAY 3 | . . . . . . . . . . . . . . . . 1 1 1 . . . . . . . . . . . . . FOLLOW 2 | . . . . . . . . . . . . . . . . . . 2 . . . . . . . . . . . . . Ally Attacks 490 | . . . . . . 37 . . . . . 5 4 15 69 46 24 119 . 63 108 . . . . . . . . . . Total Damage 12633 | . . . . . . 758 . . . . . 229 311 982 1565 939 526 3458 . 1456 2409 . . . . . . . . . . Kills 84 | . . . . . . 10 . . . . . 1 2 13 13 6 5 25 . 1 8 . . . . . . . . . . Allies Corrupted 3 | . . . . . . 1 . . . . . . . 1 . . . . . . 1 . . . . . . . . . . Allies Melted . | . . . . . . . . . . . . . . . . . . . . . . . . . . . . . . . . Intel | -11 -10 -10 -10 -9 -9 -6 -6 -6 -6 -6 -6 -6 -5 -5 -5 -5 -5 -5 -4 -4 -4 -4 -4 -3 -3 -2 -2 -2 -1 -1 -1 ------- Run | Yrd Mat Min Sub Rec Scr Fac Was Fac Low Low Zio Dee Pro Fac Ext Cet Arc Hub Fac Was Fac Arm Lab Res Qua Res Tes Frg Acc Com Ac0 Active Infowar (turns) 30113 | 84 490 . . . . 1904 22 849 374 287 917 . . . . . . 903 876 469 318 1759 . 748 1366 1624 1405 3994 4671 6141 912 Optics 4198 | . . . . . . 1904 22 849 374 109 . . . . . . . . . . . . . . . . . . . 28 912 Sensors 12318 | . . . . . . 1216 22 807 346 287 917 . . . . . . 903 775 469 318 1401 . 296 1200 1345 1402 614 . . . A.S.S. 1 | . . . . . . . . . . . . . . . . . . . . . . . . . . . . 1 . . . IFF 40 | . . . . . . 40 . . . . . . . . . . . . . . . . . . . . . . . . . Terrain 4834 | 84 16 . . . . . . . . . . . . . . . . . 223 . 129 765 . 643 1255 1338 379 . 2 . . Structural 400 | . . . . . . 347 . 52 . . . . . . . . . . . . . . . . . . . . 1 . . Seismic 527 | 37 490 . . . . . . . . . . . . . . . . . . . . . . . . . . . . . . Cloaking 6210 | . . . . . . . . . . . . . . . . . . . . . . 62 . 600 793 1472 925 1766 191 401 . Jamming 20658 | . . . . . . . . . . . . . . . . . . . . . . 905 . 747 1366 1624 1239 3993 4671 6113 . ECM 3 | . . . . . . . . . . . . . . . . . . . . . . . . . . . 1 . 2 . . Robot Analysis Total 8 | . . . . 1 7 . . . . . . . . . . . . . . . . . . . . . . . . . . Derelict Logs Recovered 12 | . . 1 1 . 5 . . . 1 2 1 . 1 . . . . . . . . . . . . . . . . . . Drone Launches . | . . . . . . . . . . . . . . . . . . . . . . . . . . . . . . . . Drone Recoveries . | . . . . . . . . . . . . . . . . . . . . . . . . . . . . . . . . Exploration | -11 -10 -10 -10 -9 -9 -6 -6 -6 -6 -6 -6 -6 -5 -5 -5 -5 -5 -5 -4 -4 -4 -4 -4 -3 -3 -2 -2 -2 -1 -1 -1 ------------- Run | Yrd Mat Min Sub Rec Scr Fac Was Fac Low Low Zio Dee Pro Fac Ext Cet Arc Hub Fac Was Fac Arm Lab Res Qua Res Tes Frg Acc Com Ac0 Turns Passed 51865 | 153 969 578 3437 1461 4507 1906 22 849 374 287 1293 3066 463 1027 1292 567 831 1316 1016 469 330 2020 438 748 1366 1626 1570 4065 4671 8236 912 Spaces Moved 31827 | 66 464 331 1626 865 2171 3579 93 2289 1144 653 1285 1628 300 564 544 189 180 419 408 185 162 828 177 376 664 799 773 1960 2958 3595 552 Core 105 | 5 . . . . 100 . . . . . . . . . . . . . . . . . . . . . . . . . . Treads 7454 | 61 464 331 1563 . 43 . . . . . . . . . . . . 4 . . 81 828 177 376 664 799 773 1290 . . . Legs 11311 | . . . . . . . . . . . . 670 300 564 544 189 180 415 408 185 81 . . . . . . 670 2958 3595 552 Wheels 2220 | . . . 63 865 1292 . . . . . . . . . . . . . . . . . . . . . . . . . . Hover 2369 | . . . . . . 1624 . . . . . 745 . . . . . . . . . . . . . . . . . . . Flight 8368 | . . . . . 736 1955 93 2289 1144 653 1285 213 . . . . . . . . . . . . . . . . . . . Fastest Speed 5 | 50 160 160 130 130 34 23 23 23 23 23 5 5 143 137 187 187 265 112 180 182 160 160 163 163 160 155 155 110 110 100 100 Average Speed 119 | 151 160 160 174 159 198 37 23 23 23 40 98 89 143 151 187 220 265 246 181 182 175 160 163 163 162 157 159 143 110 134 100 Slowest Speed 754 | 160 160 160 320 160 754 192 23 26 23 103 103 210 143 187 187 265 265 265 182 182 240 163 163 163 240 163 160 300 110 220 100 Overloaded Moves 97 | . . . . . . . . . . . 58 39 . . . . . . . . . . . . . . . . . . . Propulsion Burnouts . | . . . . . . . . . . . . . . . . . . . . . . . . . . . . . . . . Robots Hopped 26 | . . . . . . 10 . 5 6 . 3 2 . . . . . . . . . . . . . . . . . . . Potential Cave-ins 13 | . . . . . . . . . . . . . . . . . . . . . 1 . . . . 3 . 1 . . 8 Cave-ins Triggered . | . . . . . . . . . . . . . . . . . . . . . . . . . . . . . . . . Teleports 15 | . . . . . . . . . . . . . . . . . . . . . . . . . . . . 7 6 1 1 Exploration Rate (%) 64 | 5 72 72 78 99 89 80 82 59 89 78 88 92 54 20 78 65 79 61 16 77 7 46 93 14 91 31 90 61 88 77 37 Regions Visited 31 Branch Regions 20 Pre-discovered Areas 21 | . 1 . 2 8 7 . . 1 . . 2 . . . . . . . . . . . . . . . . . . . . Known Exits Taken 16 | . 1 1 . . 1 . . 1 1 1 . . 1 1 . . . 1 . . 1 . 1 1 1 1 1 1 . . . Unknown Exits Taken 11 | 1 . . 1 1 . . . . . . 1 1 . . 1 1 1 . . . . 1 . . . . . . 1 1 . Scrap Searched 23 | . . 1 5 . 11 . . . 1 4 1 . . . . . . . . . . . . . . . . . . . . Spaces Dug 381 | . 7 36 1 . . 31 . 34 5 1 . 21 4 11 1 . . 9 9 1 7 17 . 5 5 8 7 24 25 43 69 Terrain Destroyed 2699 | . 10 56 153 3 . 136 . 39 6 1 . 64 6 48 34 1 4 69 93 5 10 41 . 45 55 33 7 123 242 708 707 Melee 109 | . . . . . . 31 . 34 5 1 . 14 . . . . . . . . . . . . 4 5 7 2 3 3 . Projectile 1038 | . 10 . 6 3 . 7 . 5 1 . . 22 6 21 6 1 4 69 53 5 10 41 . 9 7 14 . 93 151 398 96 AOE 1435 | . . 56 147 . . 98 . . . . . 28 . 27 28 . . . 40 . . . . 35 44 14 . 28 71 211 608 Terrain Rammed . | . . . . . . . . . . . . . . . . . . . . . . . . . . . . . . . . Walls Destroyed . | . . . . . . . . . . . . . . . . . . . . . . . . . . . . . . . . Machines Disabled . | . . . . . . . . . . . . . . . . . . . . . . . . . . . . . . . . Actions | -11 -10 -10 -10 -9 -9 -6 -6 -6 -6 -6 -6 -6 -5 -5 -5 -5 -5 -5 -4 -4 -4 -4 -4 -3 -3 -2 -2 -2 -1 -1 -1 --------- Run | Yrd Mat Min Sub Rec Scr Fac Was Fac Low Low Zio Dee Pro Fac Ext Cet Arc Hub Fac Was Fac Arm Lab Res Qua Res Tes Frg Acc Com Ac0 Total 42432 | 90 619 354 2070 918 2371 3924 92 2497 1231 674 1309 3028 316 664 747 294 503 545 550 276 198 1259 320 464 869 1059 984 2908 4110 6392 797 Wait 6113 | . 84 . 287 26 128 134 . 105 71 12 6 1119 8 20 54 57 296 12 39 66 13 135 115 32 43 43 8 340 824 2019 17 Move 31748 | 65 463 330 1625 864 2170 3561 92 2278 1134 652 1278 1623 299 564 543 188 179 418 408 184 161 827 176 375 663 798 772 1957 2957 3593 551 Hop 21 | . . . . . . 8 . 5 3 . 3 2 . . . . . . . . . . . . . . . . . . . Pick Up 355 | 2 18 . 17 1 40 11 . 8 1 1 6 35 . 9 7 6 1 6 3 3 . 40 2 2 16 11 10 42 12 32 13 Fast Attach 149 | 7 . . 1 . 4 22 . 3 3 1 1 12 . 3 . 1 1 4 2 . . 9 4 1 4 4 10 27 2 16 7 Attach 119 | . . . 6 . 4 10 . . . . 1 13 . 1 . . 1 1 2 . 3 4 . 3 3 3 2 21 4 9 28 Detach 111 | . . . . . 1 5 . 1 . 1 2 11 . 2 1 3 4 2 6 . 6 12 4 1 1 . 2 21 3 7 15 Swap 702 | . 13 9 21 4 6 24 . 12 . 1 3 22 . 12 8 7 3 15 17 2 4 62 1 16 36 69 54 97 81 92 11 Drop 334 | . 5 . 20 1 17 23 . 8 4 . 4 27 . 8 2 8 3 6 6 2 . 24 1 . 21 14 22 56 9 35 8 Fire 2330 | 16 27 15 93 21 . 42 . 26 2 . . 108 9 42 39 24 15 73 67 19 9 146 17 34 66 111 80 300 215 567 147 Melee 294 | . . . . . . 83 . 51 13 4 4 56 . . . . . . . . . . . . 16 6 23 27 3 8 . Ram 1 | . . . . . . . . . . . . . . . . . . . . . . . . . . . . 1 . . . Kick 8 | . . . . . . . . . . . . . . 3 . . . 5 . . . . . . . . . . . . . Crush 13 | . 9 . . . . . . . . . . . . . . . . . . . 2 . . . . . 1 1 . . . Escape Stasis 46 | . . . . . . . . . . . . . . . 15 . . . . . . . . . . . . 18 . 13 . Rewire 83 | . . . . 1 1 . . . . 2 . . . . 78 . . . . . . . . . . . . . . 1 . Trap 2 | . . . . . . 1 . . . . 1 . . . . . . . . . . . . . . . . . . . . Miscellaneous 3 | . . . . . . . . . . . . . . . . . . 3 . . . . . . . . . . . . . Route ------- -11/Scrapyard -10/Materials (discovered 3 exits: *Mat / *Min / *Sub) -10/Mines (discovered 2 exits: *Mat / *Sub) -10/Subcaves (discovered 3 exits: [*Mat x2] / *Rec) -9/Recycling (discovered 2 exits: *Fac / *Scr) -9/Scraptown (discovered 2 exits: *Fac x2) -6/Factory (discovered 5 exits: *Fac x3 / *Low x2) -6/Waste -6/Factory (discovered 3 exits: *Fac / *Low x2) -6/Lower Caves -6/Lower Caves (discovered 2 exits: *Fac / *Zio) -6/Zion (discovered 2 exits: [*Dee] / *Pro) -6/Deep Caves -5/Proximity Caves -5/Factory (discovered 2 exits: *Ext x2) -5/Extension (discovered 2 exits: *Fac / *Cet) -5/Cetus (discovered 2 exits: *Fac / [*Arc]) -5/Archives (discovered 3 exits: *Fac / *Hub x2) -5/Hub_04(d) (discovered 2 exits: *Fac x2) -4/Factory (discovered 3 exits: Res x3) -4/Waste -4/Factory (discovered 4 exits: *Res / Upp x2 / *Arm) -4/Armory -4/Lab -3/Research (discovered 2 exits: Res / *Qua) -3/Quarantine -2/Research (discovered 2 exits: *Tes x2) -2/Testing (discovered 3 exits: *Acc / [*Sec] / *Frg) -2/Protoforge -1/Access -1/Command (discovered 3 exits: [*Sur x2] / [*Ac0]) -1/Access_0 Near Former Tau Ceti IV History --------- Turn | Location | Event 9 | -11/Scrapyard | Discovered new exit (range 15) 154 | -11/Scrapyard | Entered Materials 316 | -10/Materials | Build established: Mutant 584 | -10/Materials | Discovered new exit (range 14) 813 | -10/Materials | Discovered new exit (range 13) 845 | -10/Materials | Learned location of 1 exit from Storage 871 | -10/Materials | Learned Storage emergency access door positions 885 | -10/Materials | Identified exit to Mines 889 | -10/Materials | Loaded intel: 2 recycling unit locations 893 | -10/Materials | Learned location of 1 exit from Recycling 908 | -10/Materials | Learned location of 2 exits from Mines 1002 | -10/Materials | Discovered new exit (range 7) 1123 | -10/Materials | Entered Mines 1124 | -10/Mines | Identified exit to Materials 1124 | -10/Mines | Identified exit to Subcaves 1408 | -10/Mines | Learned Materials terminal intel 1701 | -10/Mines | Entered Subcaves 1702 | -10/Subcaves | Approached by a straggling Scientist 1928 | -10/Subcaves | Visited 4L-MR0's lab 1952 | -10/Subcaves | Found Cargo Legs 2033 | -10/Subcaves | Learned location of Zion (-6) 2033 | -10/Subcaves | Met a Zionite searching for "candidates" 2134 | -10/Subcaves | Shifting Twisted Machinery released Spk. Treads 2238 | -10/Subcaves | Shifting Twisted Machinery released Spk. Treads 2299 | -10/Subcaves | Shifting Twisted Machinery released Battle Rifle 2384 | -10/Subcaves | Discovered new exit (range 9) 2929 | -10/Subcaves | A swath of the cavern ceiling suddenly collapsed 3956 | -10/Subcaves | Discovered new exit (range 14) 4093 | -10/Subcaves | Discovered new exit (range 12) 4630 | -10/Subcaves | Shifting Twisted Machinery released Battle Cannon 4635 | -10/Subcaves | Shifting Twisted Machinery released Sub. Monowheel 5057 | -10/Subcaves | Found SUBCON Basin 5138 | -10/Subcaves | Entered Recycling 5139 | -9/Recycling | Identified exit to Factory 5351 | -9/Recycling | Build established: Derelict-Mutant 5364 | -9/Recycling | Core integrity fell below 50% 5532 | -9/Recycling | Learned 2 Storage zone layouts 5659 | -9/Recycling | Learned location of Mines (-9) 5666 | -9/Recycling | Learned Materials trap positions 5667 | -9/Recycling | Learned 2 Materials zone layouts 5671 | -9/Recycling | Learned location of Storage (-9) 5686 | -9/Recycling | Learned location of 2 exits from Materials 6551 | -9/Recycling | Scanned before Scraplab entrance 6575 | -9/Recycling | Entered Scraplab 6597 | -9/Recycling | Discovered new exit (range 2) 6599 | -9/Recycling | Entered Scraptown 6785 | -9/Scraptown | Heard Great Nut preacher, LISTEN AND RECITE! 6828 | -9/Scraptown | Visited UFD Registry 6828 | -9/Scraptown | Registered with UFD as "Autosink" 6850 | -9/Scraptown | Visited The Evicted 6863 | -9/Scraptown | Visited Awakened 6927 | -9/Scraptown | Scanned Subdweller tech in exchange for log data 6932 | -9/Scraptown | Learned location of Warlord (-5) 6934 | -9/Scraptown | Learned Research terminal intel 6935 | -9/Scraptown | Learned Factory garrison access intel 7009 | -9/Scraptown | Build established: Mutant 7025 | -9/Scraptown | Guru changed UFD alias to "Cogcircuit" 7066 | -9/Scraptown | Discovered new exit (range 11) 7513 | -9/Scraptown | Visited TADAMA 7550 | -9/Scraptown | Visited Bundlers 7645 | -9/Scraptown | Visited Cyclists 7656 | -9/Scraptown | Entered Cyclist Reading Room 7707 | -9/Scraptown | Visited CR-KLE's Repair Center 7819 | -9/Scraptown | Visited Junk Repository 7867 | -9/Scraptown | Visited Science Guys 7933 | -9/Scraptown | Visited Chapter 10 7981 | -9/Scraptown | Delivered Scrap Shield to a Scientist 8136 | -9/Scraptown | Visited Analyses Database 8170 | -9/Scraptown | Visited Scrapoid Pod Storage 8184 | -9/Scraptown | Found Scrapoid Pod 8211 | -9/Scraptown | Visited Scrapoid Research Area 8250 | -9/Scraptown | Visited Botcube Research 8279 | -9/Scraptown | Visited DA-N13 Charitable Foundation 8293 | -9/Scraptown | Found DCF Scrap (31 items) 8334 | -9/Scraptown | Visited Observation Area 8361 | -9/Scraptown | Visited Cartography Club 8419 | -9/Scraptown | Found Deep Structural Scanner 8424 | -9/Scraptown | Learned location of Quarantine (-3) 8424 | -9/Scraptown | Learned 8 Materials zone layouts 8424 | -9/Scraptown | Learned 16 Materials zone layouts 8424 | -9/Scraptown | Learned 12 Factory zone layouts 8424 | -9/Scraptown | Learned 20 Factory zone layouts 8424 | -9/Scraptown | Learned 12 Research zone layouts 8424 | -9/Scraptown | Learned 4 Access zone layouts 8424 | -9/Scraptown | Learned 8 Access zone layouts 8424 | -9/Scraptown | Learned 4 Mines zone layouts 8424 | -9/Scraptown | Learned 8 Lower Caves zone layouts 8424 | -9/Scraptown | Learned location of 2 exits from Upper Caves 8424 | -9/Scraptown | Learned location of 3 exits from Upper Caves 8424 | -9/Scraptown | Identified exit to Factory 8810 | -9/Scraptown | Tech Extrapolator generated special schematic: Deep Structural Scanner 10958 | -9/Scraptown | Met Optimus 10958 | -9/Scraptown | Accepted into 0bPrime 11106 | -9/Scraptown | Entered Factory 11106 | -6/Factory | Evolved 8 slots: Propulsion x3, Utility x5 11107 | -6/Factory | Identified exit to Factory 11108 | -6/Factory | Identified exit to Lower Caves 11109 | -6/Factory | Loaded intel: 4 garrison access locations 11154 | -6/Factory | Central database locked down 11333 | -6/Factory | Tech Extrapolator generated special schematic: Machine Rigger 11483 | -6/Factory | Found Prototype Launcher 11483 | -6/Factory | Identified Rocket Array 11496 | -6/Factory | Lost 4 parts (3n1w) 12085 | -6/Factory | Build established: Scout 12421 | -6/Factory | Scrapoid Pod released 06F07-D (x5) 12510 | -6/Factory | P-60 Hacker assimilated allied 06F06-D 12856 | -6/Factory | First assault squad dispatched 12970 | -6/Factory | Spotted B-75 Beast 13012 | -6/Factory | Manually triggered Chute Trap 13012 | -6/Factory | Sucked down chute 13012 | -6/Factory | Entered Waste 13012 | -6/Waste | Spotted C-40 Crusher 13012 | -6/Waste | Spotted C-40 Crusher 13022 | -6/Waste | Spotted C-40 Crusher 13022 | -6/Waste | Spotted C-40 Crusher 13025 | -6/Waste | Spotted C-40 Crusher 13026 | -6/Waste | Spotted C-40 Crusher 13031 | -6/Waste | Discovered new exit (range 12) 13033 | -6/Waste | Identified exit to Factory 13034 | -6/Waste | Entered Factory 13160 | -6/Factory | Loaded intel: 8 recycling unit locations 13196 | -6/Factory | Spotted B-75 Beast 13238 | -6/Factory | Discovered exit to Lower Caves (range 5) 13357 | -6/Factory | Learned location of Protoforge (-2) 13422 | -6/Factory | Discovered exit to Lower Caves (range 11) 13480 | -6/Factory | Discovered exit to Factory (range 12) 13879 | -6/Factory | Fabricated Plasma Cutter (x2) 13883 | -6/Factory | Entered Lower Caves 13885 | -6/Lower Caves | UFD Scientist delivered a prototype 13904 | -6/Lower Caves | Found Prototype Protection 13924 | -6/Lower Caves | Spotted B-75 Beast 14129 | -6/Lower Caves | Discovered new exit (range 10) 14131 | -6/Lower Caves | Identified exit to Lower Caves 14220 | -6/Lower Caves | Attracted the attention of an 0b10 base 14220 | -6/Lower Caves | Learned location of 1 exit from Research 14257 | -6/Lower Caves | Entered another Lower Caves area 14257 | -6/Lower Caves | Discovered exit to Factory (range 10) 14282 | -6/Lower Caves | Learned Factory garrison access intel 14309 | -6/Lower Caves | Learned 4 Factory zone layouts 14345 | -6/Lower Caves | Spotted B-75 Beast 14400 | -6/Lower Caves | Found Prototype Device 14409 | -6/Lower Caves | Discovered new exit (range 15) 14430 | -6/Lower Caves | Identified exit to Zion 14544 | -6/Lower Caves | Entered Zion 14545 | -6/Zion | Identified exit to Proximity Caves 14674 | -6/Zion | System corruption cleaned by Quarantine Array 14704 | -6/Zion | Build established: Gladiator 14932 | -6/Zion | Acquired unknown access codes intercepted by a Zionite 15210 | -6/Zion | Turned away by Imprinter 15312 | -6/Zion | Received a hallucinogenic algorithm 15459 | -6/Zion | Visited the Megawrench Repair Shop 15459 | -6/Zion | Megawrench repaired 6 parts 15462 | -6/Zion | Identified Enh. Scrap Shield 15645 | -6/Zion | Opened final containment barrier to the Deep Caves 15661 | -6/Zion | Discovered new exit (range 5) 15663 | -6/Zion | Saw the warning signs outside the Deep Caves entrance 15769 | -6/Zion | Warned about trapping Zion interior 15776 | -6/Zion | Murdered Imprinter 15777 | -6/Zion | Extracted access codes from Imprinter's data core 15777 | -6/Zion | Attacked by Zionites 15837 | -6/Zion | Entered Deep Caves 15955 | -6/Deep Caves | Z-Facility disabled 16077 | -6/Deep Caves | Found Prototype Protection 16077 | -6/Deep Caves | Identified Zio. Weapon Casing 16099 | -6/Deep Caves | Lost 4 parts (3u1w) 16179 | -6/Deep Caves | Found Zio. Weapon Casing 16185 | -6/Deep Caves | Found Zio. Weapon Casing 16316 | -6/Deep Caves | Spotted Golem 16354 | -6/Deep Caves | Destroyed Golem 16358 | -6/Deep Caves | Found Prototype Energy Cannon 16361 | -6/Deep Caves | Identified Latent Energy Streamer 16382 | -6/Deep Caves | Lost 4 parts (4u) 16424 | -6/Deep Caves | Build established: Scavenger-Mutant 16543 | -6/Deep Caves | Spotted Golem 16572 | -6/Deep Caves | Destroyed Golem 16578 | -6/Deep Caves | Found GOLEM Unit 16591 | -6/Deep Caves | Triggered Deep Caves wall 16591 | -6/Deep Caves | Spotted Assembler 16591 | -6/Deep Caves | Spotted Assembler 16594 | -6/Deep Caves | Destroyed Assembler 16594 | -6/Deep Caves | Destroyed Assembler 16600 | -6/Deep Caves | Lost 4 parts (3n1u) 16615 | -6/Deep Caves | Destroyed 36 combat bots 16616 | -6/Deep Caves | Exposed GOLEM chamber 16618 | -6/Deep Caves | Found GOLEM Unit 17073 | -6/Deep Caves | Build established: Golem 17138 | -6/Deep Caves | Attached Cargo Legs, gained temporary slots: Utility x2 17358 | -6/Deep Caves | Identified Heart of Steel 17656 | -6/Deep Caves | Build established: Mutant 17683 | -6/Deep Caves | Found GOLEM Unit 18102 | -6/Deep Caves | Found GOLEM Unit 18123 | -6/Deep Caves | Heart of Steel transformed into Warbot 18155 | -6/Deep Caves | Found GOLEM Unit 18205 | -6/Deep Caves | Found GOLEM Unit 18209 | -6/Deep Caves | Found GOLEM Unit 18474 | -6/Deep Caves | Build established: Golem 18819 | -6/Deep Caves | Discovered new exit (range 6) 18903 | -6/Deep Caves | Entered Proximity Caves 18903 | -5/Proximity Caves | Accompanied by 1 ally (Warbot) 18912 | -5/Proximity Caves | Learned Factory stockpile data 19077 | -5/Proximity Caves | Attracted the attention of an 0b10 checkpoint 19162 | -5/Proximity Caves | Spotter reported a threat 19239 | -5/Proximity Caves | Spotter reported a threat 19341 | -5/Proximity Caves | Discovered exit to Factory (range 12) 19366 | -5/Proximity Caves | Entered Factory 19366 | -5/Factory | Accompanied by 1 ally (Warbot) 19366 | -5/Factory | Evolved 2 slots: Power x1, Weapon x1 19367 | -5/Factory | Identified exit to Extension 19370 | -5/Factory | Loaded intel: 4 garrison access locations 19955 | -5/Factory | Garrison activated, responded to threat 20006 | -5/Factory | Destroyed 10 combat bots 20393 | -5/Factory | Entered Extension 20508 | -5/Extension | Rescued A7 20541 | -5/Extension | Rescued a captive Derelict 20541 | -5/Extension | Rescued a captive Derelict 20756 | -5/Extension | Rescued a captive Derelict 20761 | -5/Extension | Rescued a captive Derelict 21110 | -5/Extension | Spotted B-75 Beast 21121 | -5/Extension | Allies destroyed B-75 Beast 21146 | -5/Extension | Spotted B-75 Beast 21187 | -5/Extension | Lost 4 allies 21188 | -5/Extension | Allies destroyed B-75 Beast 21293 | -5/Extension | First assault squad dispatched 21498 | -5/Extension | Rescued a captive Derelict 21508 | -5/Extension | Rescued a captive Derelict 21510 | -5/Extension | Rescued a captive Derelict 21537 | -5/Extension | Rescued a captive Derelict 21577 | -5/Extension | Rescued a captive Derelict 21581 | -5/Extension | Rescued a captive Derelict 21583 | -5/Extension | Rescued a captive Derelict 21634 | -5/Extension | Discovered new exit (range 10) 21636 | -5/Extension | Discovered new exit (range 6) 21685 | -5/Extension | Entered Cetus 21685 | -5/Cetus | Accompanied by 14 allies (A7) 21690 | -5/Cetus | Acquired a Cetus Manufacturing Module code from A7 21715 | -5/Cetus | Spotted Cetus Guard 21715 | -5/Cetus | Spotted Cetus Guard 21718 | -5/Cetus | Spotted Cetus Guard 21722 | -5/Cetus | Destroyed Cetus Guard 21724 | -5/Cetus | Spotted Cetus Guard 21726 | -5/Cetus | Allies destroyed Cetus Guard 21733 | -5/Cetus | Allies destroyed Cetus Guard 21738 | -5/Cetus | Allies destroyed Cetus Guard 21746 | -5/Cetus | Build established: Commander-Golem 21838 | -5/Cetus | Started Cetus Manufacturing Module 21863 | -5/Cetus | Manufactured an Enhanced Grunt 21870 | -5/Cetus | Discovered new exit (range 16) 21888 | -5/Cetus | Manufactured an Enhanced Grunt 21902 | -5/Cetus | Spotted Cetus Guard 21903 | -5/Cetus | Spotted Cetus Guard 21906 | -5/Cetus | Allies destroyed Cetus Guard 21906 | -5/Cetus | Destroyed Cetus Guard 21907 | -5/Cetus | Spotted Cetus Guard 21910 | -5/Cetus | Destroyed Cetus Guard 21910 | -5/Cetus | Allies destroyed Cetus Guard 21913 | -5/Cetus | Manufactured an Enhanced Grunt 21927 | -5/Cetus | Discovered new exit (range 15) 21937 | -5/Cetus | Met Revision 17 21938 | -5/Cetus | Manufactured an Enhanced Grunt 21963 | -5/Cetus | Manufactured an Enhanced Grunt 22190 | -5/Cetus | Murdered A7 22196 | -5/Cetus | Extracted ID and sensor layout for unrecognized location from A7's data core 22252 | -5/Cetus | Entered Archives 22252 | -5/Archives | Accompanied by 16 allies 22319 | -5/Archives | Lost 5 allies 22324 | -5/Archives | Discovered new exit (range 15) 22630 | -5/Archives | Discovered new exit (range 15) 22784 | -5/Archives | Discovered new exit (range 15) 23083 | -5/Archives | Entered Hub_04(d) 23083 | -5/Hub_04(d) | Accompanied by 10 allies 23243 | -5/Hub_04(d) | Discovered new exit (range 15) 23265 | -5/Hub_04(d) | Build established: Commander-Tank 23383 | -5/Hub_04(d) | First assault squad dispatched 23426 | -5/Hub_04(d) | Identified exit to Factory 23506 | -5/Hub_04(d) | Lost 6 allies 23550 | -5/Hub_04(d) | Garrison activated, responded to threat 23923 | -5/Hub_04(d) | Network Hub disabled 24006 | -5/Hub_04(d) | Build established: Tank 24072 | -5/Hub_04(d) | Spotted Lightning 24080 | -5/Hub_04(d) | Spotted Lightning 24081 | -5/Hub_04(d) | Spotted Lightning 24095 | -5/Hub_04(d) | Garrison activated, responded to threat 24095 | -5/Hub_04(d) | Destroyed Lightning 24114 | -5/Hub_04(d) | Destroyed Lightning 24117 | -5/Hub_04(d) | Destroyed Lightning 24183 | -5/Hub_04(d) | Found Prototype Device 24242 | -5/Hub_04(d) | Found Prototype Processor 24242 | -5/Hub_04(d) | Identified Exp. Targeting Computer 24244 | -5/Hub_04(d) | Identified Exp. EM Shield 24258 | -5/Hub_04(d) | Found Prototype Energy Cannon 24304 | -5/Hub_04(d) | Network Hub disabled 24337 | -5/Hub_04(d) | Discovered exit to Factory (range 10) 24346 | -5/Hub_04(d) | High security lockdown imminent 24399 | -5/Hub_04(d) | Entered Factory 24399 | -4/Factory | Evolved 2 slots: Utility x2 24400 | -4/Factory | Identified exit to Research 24745 | -4/Factory | Build established: Scavenger-Golem 24752 | -4/Factory | Garrison activated, responded to threat 24801 | -4/Factory | Spotted B-86 Titan 24867 | -4/Factory | Destroyed B-86 Titan 24899 | -4/Factory | First assault squad dispatched 25178 | -4/Factory | Found Prototype Processor 25178 | -4/Factory | Identified Exp. Signal Interpreter 25331 | -4/Factory | Garrison activated, responded to threat 25415 | -4/Factory | Sucked down chute 25415 | -4/Factory | Entered Waste 25430 | -4/Waste | EMP discharged 25441 | -4/Waste | Spotted C-40 Crusher 25443 | -4/Waste | Destroyed C-40 Crusher 25473 | -4/Waste | Spotted C-40 Crusher 25482 | -4/Waste | Destroyed C-40 Crusher 25489 | -4/Waste | Spotted C-40 Crusher 25505 | -4/Waste | Destroyed C-40 Crusher 25508 | -4/Waste | Spotted C-40 Crusher 25524 | -4/Waste | Destroyed C-40 Crusher 25530 | -4/Waste | EMP discharged 25554 | -4/Waste | Spotted C-40 Crusher 25630 | -4/Waste | EMP discharged 25680 | -4/Waste | Spotted C-40 Crusher 25717 | -4/Waste | Met Warlord forces unprepared to attack 25728 | -4/Waste | Allies destroyed C-40 Crusher 25730 | -4/Waste | EMP discharged 25774 | -4/Waste | Destroyed C-40 Crusher 25796 | -4/Waste | Discovered new exit (range 16) 25830 | -4/Waste | EMP discharged 25830 | -4/Waste | System corruption reached 10% 25853 | -4/Waste | Identified exit to Factory 25884 | -4/Waste | Entered Factory 25884 | -4/Factory | Accompanied by 13 allies 25903 | -4/Factory | Discovered exit to Research (range 14) 25911 | -4/Factory | Garrison activated, responded to threat 26130 | -4/Factory | Identified EMDS 26153 | -4/Factory | Identified exit to Upper Caves 26153 | -4/Factory | Identified exit to Armory 26210 | -4/Factory | Lost 8 allies 26214 | -4/Factory | Entered Armory 26486 | -4/Armory | Found Prototype Device 26486 | -4/Armory | Identified Adv. EM Shield 26523 | -4/Armory | Watched by a mysterious "MATRIX" hacker. 26698 | -4/Armory | Fabricated Imp. Force Field? 26826 | -4/Armory | Fabricated Imp. Quantum Reactor (x1) 26875 | -4/Armory | Fabricated Imp. Quantum Reactor (x1) 27355 | -4/Armory | Loaded intel: 2 recycling unit locations 27595 | -4/Armory | Build established: Scavenger-Tank 27661 | -4/Armory | Spotted Armor Guard 27661 | -4/Armory | Spotted Armor Guard 27678 | -4/Armory | Destroyed Armor Guard 27684 | -4/Armory | Destroyed Armor Guard 27712 | -4/Armory | Spotted Armor Guard 27712 | -4/Armory | Spotted Armor Guard 27717 | -4/Armory | Destroyed Armor Guard 27799 | -4/Armory | Destroyed Armor Guard 27805 | -4/Armory | Found Prototype Device 27805 | -4/Armory | Identified Exp. Weapon Cycler 27953 | -4/Armory | Found GOLEM Unit 28159 | -4/Armory | Discovered new exit (range 4) 28214 | -4/Armory | First assault squad dispatched 28234 | -4/Armory | Entered Lab 28237 | -4/Lab | Discovered exit to Research (range 9) 28255 | -4/Lab | Hidden lab's door opened automatically 28255 | -4/Lab | Sensor layout match revealed 28256 | -4/Lab | Gained access to the hidden lab's interior 28408 | -4/Lab | Found Alien Artifact 28417 | -4/Lab | Found Alien Artifact 28417 | -4/Lab | Identified Integrated Mediator 28417 | -4/Lab | Installed Integrated Mediator, increased core attachment efficiency 28426 | -4/Lab | Found Alien Artifact 28426 | -4/Lab | Identified Core Expander 28426 | -4/Lab | Installed Core Expander, added new Utility slot 28457 | -4/Lab | Found Prototype Hackware 28461 | -4/Lab | Found Prototype Protection 28461 | -4/Lab | Identified Exp. Powered Armor 28539 | -4/Lab | Build established: Scavenger-Mutant 28542 | -4/Lab | Found Prototype Energy Cannon 28542 | -4/Lab | Identified Warp Cannon 28561 | -4/Lab | Unable to decrypt terminal 28672 | -4/Lab | Entered Research 28672 | -3/Research | Evolved 2 slots: Power x1, Propulsion x1 28673 | -3/Research | Identified exit to Quarantine 28674 | -3/Research | Identified exit to Research 28676 | -3/Research | Loaded intel: 23 terminal locations 28872 | -3/Research | Revision forces began assault on 0b10 28972 | -3/Research | Met up with Revision 17++ 29180 | -3/Research | Build established: Infiltrator-Tank 29309 | -3/Research | Spotted B-90 Cyclops 29356 | -3/Research | Identified Transdimensional Reconstructor 29356 | -3/Research | Identified Quantum Router 29372 | -3/Research | Research terminal network offline 29420 | -3/Research | Entered Quarantine 29515 | -3/Quarantine | Found Alien Slashing Weapon 29522 | -3/Quarantine | Identified Sigix Broadsword 29566 | -3/Quarantine | Found Alien Artifact 29572 | -3/Quarantine | Found Transdimensional Reconstructor 29580 | -3/Quarantine | Found Transdimensional Reconstructor 29583 | -3/Quarantine | Found Transdimensional Reconstructor 29586 | -3/Quarantine | Found Alien Artifact 29706 | -3/Quarantine | Spotted Alpha 7 29714 | -3/Quarantine | Destroyed Alpha 7 29737 | -3/Quarantine | Found Prototype Energy Gun 29737 | -3/Quarantine | Identified Enh. Gamma Rifle 29774 | -3/Quarantine | Found Alien Launcher 30217 | -3/Quarantine | Build established: Scavenger-Assassin 30497 | -3/Quarantine | Found Alien Artifact 30585 | -3/Quarantine | Discovered exit to Research (range 3) 30622 | -3/Quarantine | System corruption reached 10% 30669 | -3/Quarantine | Found Alien Artifact 30786 | -3/Quarantine | Entered Research 30786 | -2/Research | Evolved 2 slots: Utility x1, Weapon x1 30814 | -2/Research | Identified Phase Redirector 30949 | -2/Research | Build established: Infiltrator-Assassin 31316 | -2/Research | Identified Dimensional Node Initializer 31316 | -2/Research | Identified Hpw. Transdimensional Reconstructor 31316 | -2/Research | Identified Subatomic Replicator 31316 | -2/Research | Identified Sigix Terminator 31453 | -2/Research | Spotted B-90 Cyclops 31459 | -2/Research | Destroyed B-90 Cyclops 32319 | -2/Research | Identified exit to Testing 32412 | -2/Research | Entered Testing 32448 | -2/Testing | Found Prototype Energy Cannon 32448 | -2/Testing | Identified Potential Cannon 32452 | -2/Testing | Found Prototype Energy Cannon 32452 | -2/Testing | Identified Imp. Potential Cannon 32565 | -2/Testing | Spotted PX-GEW3MI0TMC 32577 | -2/Testing | Destroyed PX-GEW3MI0TMC 32618 | -2/Testing | Spotted Superbehemoth 32627 | -2/Testing | Superbehemoth self-activated to run performance analysis 32632 | -2/Testing | Destroyed Superbehemoth 32711 | -2/Testing | Found Prototype Launcher 32796 | -2/Testing | Spotted Striker 32802 | -2/Testing | Spotted Striker 32852 | -2/Testing | Found Prototype Device 32852 | -2/Testing | Identified Exp. ECM Suite 32975 | -2/Testing | Found Prototype Hackware 33075 | -2/Testing | Discovered new exit (range 7) 33087 | -2/Testing | Identified exit to Access 33114 | -2/Testing | Scanned by Researcher 33157 | -2/Testing | Identified Com. Tesla Bomb Launcher 33284 | -2/Testing | Found Exp. Signal Interpreter 33414 | -2/Testing | Build established: Infiltrator-Mutant 33542 | -2/Testing | System corruption reached 10% 33662 | -2/Testing | Identified Ghost Barrier 33737 | -2/Testing | Destroyed 10 combat bots 33817 | -2/Testing | Spotted Fortress 33818 | -2/Testing | Destroyed Fortress 33849 | -2/Testing | Found Prototype Reactor 33849 | -2/Testing | Identified Vortex Chain Reactor 33969 | -2/Testing | Discovered new exit (range 7) 33969 | -2/Testing | Discovered new exit (range 6) 33976 | -2/Testing | Identified exit to Protoforge 33982 | -2/Testing | Entered Protoforge 34155 | -2/Protoforge | Build established: Scavenger-Mutant 34232 | -2/Protoforge | Spotted Hotshot 34232 | -2/Protoforge | Spotted Hotshot 34232 | -2/Protoforge | Spotted Hotshot 34232 | -2/Protoforge | Spotted Hotshot 34232 | -2/Protoforge | Spotted Hotshot 34244 | -2/Protoforge | Spotted Overlord 34257 | -2/Protoforge | Spotted Hotshot 34260 | -2/Protoforge | Destroyed Hotshot 34270 | -2/Protoforge | Destroyed Hotshot 34288 | -2/Protoforge | Destroyed Hotshot 34297 | -2/Protoforge | Destroyed Hotshot 34308 | -2/Protoforge | Destroyed Overlord 34320 | -2/Protoforge | Destroyed Hotshot 34325 | -2/Protoforge | Destroyed Hotshot 34346 | -2/Protoforge | Found Prototype Device 34346 | -2/Protoforge | Identified Exp. Transmission Jammer 34358 | -2/Protoforge | Found Prototype Device 34358 | -2/Protoforge | Identified Exp. Remote Shield 34359 | -2/Protoforge | Destroyed 10 combat bots 34360 | -2/Protoforge | Superfortress began startup sequence 34363 | -2/Protoforge | Found Exp. EM Shield 34370 | -2/Protoforge | Found Prototype Device 34370 | -2/Protoforge | Identified Exp. Active Sensor Suite 34570 | -2/Protoforge | Spotted AP7-3 34576 | -2/Protoforge | Destroyed AP7-3 34580 | -2/Protoforge | Destroyed AP7-3 34609 | -2/Protoforge | Found Exp. Targeting Computer 34664 | -2/Protoforge | Spotted EXE-6 34664 | -2/Protoforge | Spotted EXE-6 34668 | -2/Protoforge | Destroyed EXE-6 34672 | -2/Protoforge | Destroyed EXE-6 34706 | -2/Protoforge | Spotted SKR-2 34712 | -2/Protoforge | Destroyed SKR-2 34713 | -2/Protoforge | Spotted SKR-2 34718 | -2/Protoforge | Destroyed SKR-2 34721 | -2/Protoforge | Found Prototype Device 34721 | -2/Protoforge | Identified Exp. Kinecellerator 34727 | -2/Protoforge | Spotted SKR-2 34732 | -2/Protoforge | Destroyed SKR-2 34841 | -2/Protoforge | Spotted EXE-6 34841 | -2/Protoforge | Spotted EXE-6 34850 | -2/Protoforge | Warp Cannon suddenly broke down 34860 | -2/Protoforge | Destroyed EXE-6 34867 | -2/Protoforge | Destroyed EXE-6 34928 | -2/Protoforge | Initialized slip node 35002 | -2/Protoforge | Used Subatomic Replicator to create Alien Artifact 35129 | -2/Protoforge | Identified Supercharged TR 35129 | -2/Protoforge | Warped through subspace to slip node 35145 | -2/Protoforge | Spotted Decapitator 35201 | -2/Protoforge | Warped through subspace 35232 | -2/Protoforge | First assault squad dispatched 35457 | -2/Protoforge | Found Prototype Device 35484 | -2/Protoforge | Spotted Immortal 35485 | -2/Protoforge | Spotted Immortal 35494 | -2/Protoforge | Destroyed Immortal 35503 | -2/Protoforge | Destroyed Immortal 35504 | -2/Protoforge | Spotted Decapitator 35504 | -2/Protoforge | Spotted Decapitator 35504 | -2/Protoforge | Spotted Decapitator 35504 | -2/Protoforge | Spotted Decapitator 35575 | -2/Protoforge | Forge Plexus network access discovered 35589 | -2/Protoforge | Found Cep. Weapon Articulator 35595 | -2/Protoforge | Found Mni. Quantum Capacitor 35606 | -2/Protoforge | Found Exp. Kinecellerator 35609 | -2/Protoforge | Found Exp. Kinecellerator 35622 | -2/Protoforge | Found Cep. Weapon Articulator 35683 | -2/Protoforge | Destroyed Decapitator 35686 | -2/Protoforge | Destroyed Decapitator 35697 | -2/Protoforge | Destroyed Decapitator 35705 | -2/Protoforge | Destroyed Decapitator 35726 | -2/Protoforge | Destroyed 13 combat bots 35809 | -2/Protoforge | Found Prototype Device 35809 | -2/Protoforge | Identified Exp. Actuator Array 35813 | -2/Protoforge | Found Prototype Processor 35813 | -2/Protoforge | Identified Exp. Melee Analysis Suite 35822 | -2/Protoforge | Identified Crosscalibrator 35841 | -2/Protoforge | Found Exp. Actuator Array 35861 | -2/Protoforge | Found Cep. Plasma Driver 35868 | -2/Protoforge | Found Cep. Plasma Driver 35884 | -2/Protoforge | Found Cep. Lightning Penetrator 35889 | -2/Protoforge | Found Cep. Miniperforator 35896 | -2/Protoforge | Found Faulty Cep. Miniperforator 35901 | -2/Protoforge | Found Cep. Heavy Railcannon 35974 | -2/Protoforge | Destroyed 12 combat bots 36091 | -2/Protoforge | Spotted Decapitator 36091 | -2/Protoforge | Spotted Decapitator 36091 | -2/Protoforge | Spotted V613-p 36091 | -2/Protoforge | Spotted V714-g 36106 | -2/Protoforge | Destroyed V714-g 36109 | -2/Protoforge | Spotted Decapitator 36111 | -2/Protoforge | Destroyed Decapitator 36113 | -2/Protoforge | Destroyed Decapitator 36119 | -2/Protoforge | Destroyed Decapitator 36130 | -2/Protoforge | Destroyed V613-p 36191 | -2/Protoforge | Found Cep. Energy Mantle 36215 | -2/Protoforge | Found Cep. Phase Shift Module 36341 | -2/Protoforge | Destroyed 8 combat bots 36395 | -2/Protoforge | Destroyed 8 combat bots 36435 | -2/Protoforge | Found Cep. Antigrav Storage Unit 36438 | -2/Protoforge | Found Prototype Storage 36438 | -2/Protoforge | Identified Cep. NT7 Matterbank 36449 | -2/Protoforge | Found Prototype Storage 36449 | -2/Protoforge | Identified Cep. Chromion Battery 36459 | -2/Protoforge | Found Cep. Chromion Battery 36472 | -2/Protoforge | Spotted V204-u 36474 | -2/Protoforge | Spotted V443-z 36476 | -2/Protoforge | Destroyed V204-u 36476 | -2/Protoforge | Destroyed V443-z 36488 | -2/Protoforge | Found Prototype Protection 36488 | -2/Protoforge | Identified Med. Regenerative Plating 36497 | -2/Protoforge | Found Prototype Processor 36497 | -2/Protoforge | Identified Exp. Target Analyzer 36501 | -2/Protoforge | Found Prototype Processor 36501 | -2/Protoforge | Identified Exp. Core Analyzer 36610 | -2/Protoforge | Found Cep. Zero-point Core 36628 | -2/Protoforge | Destroyed V399-d 36652 | -2/Protoforge | Found Prototype Processor 36652 | -2/Protoforge | Identified Exp. Armor Integrity Analyzer 36655 | -2/Protoforge | Found Cep. Zero-point Core 36768 | -2/Protoforge | Destroyed 7 combat bots 36797 | -2/Protoforge | System corruption reached 30% 36873 | -2/Protoforge | Found Cep. Biometal Exoskeleton 36922 | -2/Protoforge | Destroyed AP7-3 36954 | -2/Protoforge | Destroyed AP7-3 37000 | -2/Protoforge | Found Faulty Cep. Thermoelectric Network 37002 | -2/Protoforge | Found Faulty Cep. Thermoelectric Network 37007 | -2/Protoforge | Found Cep. Cloak Mesh 37010 | -2/Protoforge | Found Faulty Cep. Cloak Mesh 37120 | -2/Protoforge | Destroyed 9 combat bots 37185 | -2/Protoforge | Additional patrols dispatched to research labs 37192 | -2/Protoforge | Found Cep. Nanofilaments [Endoweave] 37192 | -2/Protoforge | Installed Cep. Nanofilaments [Endoweave], 5 resistances modified: KI +10%, TH +10%, EX -50%, S -20%, P +20% 37209 | -2/Protoforge | Found Transdimensional Reconstructor 37350 | -2/Protoforge | Found Cep. Navigation Harness 37481 | -2/Protoforge | Destroyed 20 combat bots 37552 | -2/Protoforge | Found Cep. Matter Streamer 37777 | -2/Protoforge | Found Cep. Network Penetrator 38014 | -2/Protoforge | Spotted B-90 Cyclops 38036 | -2/Protoforge | Discovered exit to Access (range 13) 38043 | -2/Protoforge | Destroyed 8 combat bots 38047 | -2/Protoforge | Entered Access 38047 | -1/Access | Evolved 2 slots: Utility x2 38179 | -1/Access | Spotted B-99 Colossus 38297 | -1/Access | First assault squad dispatched 38333 | -1/Access | Spotted B-99 Colossus 38333 | -1/Access | Spotted B-99 Colossus 38334 | -1/Access | Unchained authorized (BL-1NK) 38337 | -1/Access | Destroyed B-99 Colossus 38350 | -1/Access | Destroyed B-99 Colossus 38356 | -1/Access | Found Prototype Device 38356 | -1/Access | Identified Exp. Thermal Shield 38364 | -1/Access | Found Prototype Ballistic Gun 38368 | -1/Access | Found Prototype Ballistic Gun 38376 | -1/Access | Discovered new exit (range 11) 38626 | -1/Access | Destroyed 16 combat bots 38699 | -1/Access | Destroyed BL-1NK 38722 | -1/Access | Found Prototype Device 38722 | -1/Access | Identified Blink Core 38729 | -1/Access | Found Prototype Protection 38729 | -1/Access | Identified Lgt. Regenerative Plating 38733 | -1/Access | High security lockdown imminent 38766 | -1/Access | Destroyed 7 combat bots 38813 | -1/Access | High security lockdown engaged 39047 | -1/Access | Destroyed 10 combat bots 39100 | -1/Access | Spotted Striker 39100 | -1/Access | Spotted Executioner 39100 | -1/Access | Destroyed Executioner 39104 | -1/Access | Destroyed Striker 39149 | -1/Access | Destroyed Investigator 39155 | -1/Access | Destroyed Striker 39155 | -1/Access | Destroyed Executioner 39188 | -1/Access | Destroyed 8 combat bots 39352 | -1/Access | Destroyed Striker 39354 | -1/Access | Destroyed Striker 39372 | -1/Access | Destroyed Striker 39373 | -1/Access | Spotted Executioner 39376 | -1/Access | Destroyed Executioner 39404 | -1/Access | Destroyed 22 combat bots 39466 | -1/Access | Destroyed Executioner 39468 | -1/Access | Destroyed Striker 39501 | -1/Access | Spotted Striker 39501 | -1/Access | Spotted Executioner 39503 | -1/Access | Destroyed Striker 39505 | -1/Access | Destroyed Executioner 39611 | -1/Access | Spotted Striker 39612 | -1/Access | Spotted Executioner 39613 | -1/Access | Destroyed Executioner 39617 | -1/Access | Destroyed Striker 39663 | -1/Access | Destroyed 8 combat bots 39701 | -1/Access | Destroyed Striker 39701 | -1/Access | Destroyed Striker 39706 | -1/Access | Spotted Striker 39707 | -1/Access | Destroyed Striker 39709 | -1/Access | Spotted Striker 39709 | -1/Access | Destroyed Executioner 39709 | -1/Access | Destroyed Executioner 39714 | -1/Access | Spotted Striker 39714 | -1/Access | Destroyed Striker 39714 | -1/Access | Destroyed Executioner 39716 | -1/Access | Destroyed Striker 39721 | -1/Access | Spotted Striker 39727 | -1/Access | Destroyed Striker 39738 | -1/Access | Sterilization system engaged 39756 | -1/Access | Destroyed 28 combat bots 39907 | -1/Access | Spotted Investigator 39908 | -1/Access | Destroyed Investigator 40038 | -1/Access | Ambient heat levels rising (+10) 40188 | -1/Access | Ambient heat levels rising (+10) 40249 | -1/Access | Energy Cycler disabled 40251 | -1/Access | Found Prototype Device 40251 | -1/Access | Identified Exp. Shock Absorption System 40254 | -1/Access | Destroyed 9 combat bots 40257 | -1/Access | Found Exp. Shock Absorption System 40338 | -1/Access | Ambient heat levels rising (+10) 40382 | -1/Access | Found Prototype Device 40382 | -1/Access | Identified Exp. ECM Suite 40488 | -1/Access | Ambient heat levels rising (+10) 40638 | -1/Access | Ambient heat levels rising (+10) 40673 | -1/Access | Found Prototype Device 40673 | -1/Access | Identified Exp. Focal Shield 40767 | -1/Access | Spotted B-99 Colossus 40783 | -1/Access | Destroyed B-99 Colossus 40785 | -1/Access | Spotted B-99 Colossus 40788 | -1/Access | Ambient heat levels rising (+10) 40796 | -1/Access | Destroyed B-99 Colossus 40880 | -1/Access | Found Prototype Launcher 40880 | -1/Access | Identified Point Singularity Launcher 40909 | -1/Access | Found Prototype Launcher 40909 | -1/Access | Identified Enh. Gamma Bomb Array 40918 | -1/Access | Found Prototype Launcher 40918 | -1/Access | Identified Ragnarok Missile Launcher 40938 | -1/Access | Ambient heat levels rising (+10) 41088 | -1/Access | Ambient heat levels rising (+10) 41238 | -1/Access | Ambient heat levels rising (+10) 41388 | -1/Access | Ambient heat levels rising (+10) 41538 | -1/Access | Ambient heat levels rising (+10) 41688 | -1/Access | Ambient heat levels rising (+10) 41838 | -1/Access | Ambient heat levels rising (+10) 41988 | -1/Access | Ambient heat levels rising (+10) 42004 | -1/Access | Found Exp. Core Analyzer 42138 | -1/Access | Ambient heat levels rising (+10) 42288 | -1/Access | Ambient heat levels rising (+10) 42438 | -1/Access | Ambient heat levels rising (+10) 42588 | -1/Access | Ambient heat levels rising (+10) 42718 | -1/Access | Entered Command 42742 | -1/Command | Phase Generator disabled 42807 | -1/Command | High security lockdown imminent 42887 | -1/Command | High security lockdown engaged 43011 | -1/Command | Destroyed 12 combat bots 43086 | -1/Command | Destroyed Striker 43086 | -1/Command | Destroyed Executioner 43098 | -1/Command | Spotted Investigator 43100 | -1/Command | Destroyed Investigator 43123 | -1/Command | Destroyed 13 combat bots 43232 | -1/Command | Spotted Striker 43235 | -1/Command | Destroyed Striker 43240 | -1/Command | Destroyed Executioner 43240 | -1/Command | Destroyed Striker 43253 | -1/Command | Destroyed Executioner 43253 | -1/Command | Destroyed Striker 43298 | -1/Command | Destroyed 25 combat bots 43432 | -1/Command | Spotted Executioner 43433 | -1/Command | Destroyed Executioner 43439 | -1/Command | Destroyed Executioner 43464 | -1/Command | Destroyed 14 combat bots 43515 | -1/Command | Spotted Executioner 43515 | -1/Command | Spotted Striker 43515 | -1/Command | Destroyed Striker 43517 | -1/Command | Destroyed Executioner 43542 | -1/Command | Destroyed 9 combat bots 43774 | -1/Command | Destroyed Investigator 43780 | -1/Command | Spotted Executioner 43780 | -1/Command | Spotted Executioner 43780 | -1/Command | Spotted Striker 43780 | -1/Command | Destroyed Executioner 43784 | -1/Command | Destroyed Striker 43786 | -1/Command | Destroyed Executioner 43788 | -1/Command | Destroyed Striker 43793 | -1/Command | Spotted Striker 43796 | -1/Command | Spotted Striker 43801 | -1/Command | Destroyed Striker 43801 | -1/Command | Destroyed Striker 43811 | -1/Command | Spotted Executioner 43814 | -1/Command | Destroyed Executioner 43835 | -1/Command | Destroyed 36 combat bots 43878 | -1/Command | Spotted Executioner 43878 | -1/Command | Spotted Striker 43879 | -1/Command | Destroyed Striker 43879 | -1/Command | Destroyed Executioner 43881 | -1/Command | Destroyed Striker 44081 | -1/Command | Spotted Investigator 44083 | -1/Command | Destroyed Investigator 44084 | -1/Command | Spotted Striker 44085 | -1/Command | Destroyed Striker 44114 | -1/Command | Destroyed 12 combat bots 44243 | -1/Command | Spotted Striker 44245 | -1/Command | Spotted Striker 44246 | -1/Command | Destroyed Striker 44250 | -1/Command | Destroyed Striker 44839 | -1/Command | Found Prototype Device 44839 | -1/Command | Identified Adv. Kinecellerator 45282 | -1/Command | Spotted M Guard 45283 | -1/Command | Spotted Combat Programmer 45284 | -1/Command | Spotted Combat Programmer 45310 | -1/Command | Destroyed Combat Programmer 45314 | -1/Command | Destroyed Combat Programmer 45323 | -1/Command | Spotted M Guard 45333 | -1/Command | Destroyed M Guard 45345 | -1/Command | Destroyed M Guard 45345 | -1/Command | All MAIN.C guards destroyed 45371 | -1/Command | Found Corrupted Prototype Device 45388 | -1/Command | Found Corrupted Prototype Protection 45556 | -1/Command | Spotted Striker 45556 | -1/Command | Destroyed Striker 45568 | -1/Command | Spotted Executioner 45568 | -1/Command | Destroyed Executioner 45570 | -1/Command | Spotted Executioner 45570 | -1/Command | Destroyed Executioner 45582 | -1/Command | Spotted B-99 Colossus 45600 | -1/Command | Destroyed B-99 Colossus 45651 | -1/Command | Build established: Mutant 45659 | -1/Command | Spotted Alpha 7 45659 | -1/Command | Spotted Executioner 45660 | -1/Command | Spotted Striker 45666 | -1/Command | Destroyed Striker 45666 | -1/Command | Destroyed Executioner 45676 | -1/Command | Destroyed Alpha 7 45685 | -1/Command | Spotted Executioner 45686 | -1/Command | Destroyed Executioner 45690 | -1/Command | Spotted B-99 Colossus 45690 | -1/Command | Spotted Alpha 7 45705 | -1/Command | Destroyed Alpha 7 45725 | -1/Command | Destroyed B-99 Colossus 46016 | -1/Command | Destroyed 36 combat bots 46077 | -1/Command | Destroyed 7 combat bots 46139 | -1/Command | Destroyed 26 combat bots 46273 | -1/Command | Destroyed 24 combat bots 46346 | -1/Command | Destroyed 33 combat bots 46540 | -1/Command | System corruption reached 10% 46651 | -1/Command | Destroyed 36 combat bots 47314 | -1/Command | Destroyed 65 combat bots 47500 | -1/Command | Destroyed 22 combat bots 47505 | -1/Command | Build established: Scavenger-Mutant 47607 | -1/Command | Destroyed 22 combat bots 47822 | -1/Command | Destroyed 31 combat bots 47886 | -1/Command | Destroyed 19 combat bots 48487 | -1/Command | Met MAIN.C 48509 | -1/Command | Destroyed MAIN.C Shell 48509 | -1/Command | 0b10 Conduit disabled 48511 | -1/Command | MAIN.C activated Command garrisons 48546 | -1/Command | Destroyed MAIN.C 48569 | -1/Command | Identified Hvy. Regenerative Plating 48569 | -1/Command | Identified AEGIS Remote Shield 48569 | -1/Command | Discovered new exit (range 35) 48569 | -1/Command | Discovered new exit (range 112) 48569 | -1/Command | Extracted map data and part IDs from MAIN.C's data core 48571 | -1/Command | Found Centrium Heavy Armor Plating 48576 | -1/Command | Lost 3 parts (2u1w) 48594 | -1/Command | Found Singularity Reactor 48704 | -1/Command | Spotted B-99 Colossus 48707 | -1/Command | Destroyed B-99 Colossus 48820 | -1/Command | Found Zero-point Reactor 48828 | -1/Command | Found Exp. System Purifier 48868 | -1/Command | Build established: Scavenger-Gunner 48995 | -1/Command | Found Hyp. Multirail 49002 | -1/Command | Found Exp. Core Analyzer 49025 | -1/Command | Found Thermal Barrier 50947 | -1/Command | Warped through subspace to slip node 50947 | -1/Command | Discovered new exit (range 5) 50948 | -1/Command | Found Exp. Targeting Computer 50954 | -1/Command | Entered Access_0 50955 | -1/Access_0 | Met Architect 50958 | -1/Access_0 | Architect warped through subspace 50966 | -1/Access_0 | Destroyed A8 50995 | -1/Access_0 | Architect warped through subspace 51026 | -1/Access_0 | Found Exp. Powered Armor 51033 | -1/Access_0 | Architect warped through subspace 51080 | -1/Access_0 | Architect warped through subspace 51086 | -1/Access_0 | Subspace Access Node disabled 51103 | -1/Access_0 | Architect warped through subspace 51138 | -1/Access_0 | Architect warped through subspace 51160 | -1/Access_0 | Architect warped through subspace 51180 | -1/Access_0 | A6 warped into view 51194 | -1/Access_0 | Destroyed A6 51201 | -1/Access_0 | Architect warped through subspace 51205 | -1/Access_0 | Found Exp. Weapon Cycler 51210 | -1/Access_0 | Found Prototype Device 51210 | -1/Access_0 | Identified Desublimator 51224 | -1/Access_0 | Architect warped through subspace 51226 | -1/Access_0 | Found Exp. Phase Shifter 51244 | -1/Access_0 | Architect warped through subspace 51266 | -1/Access_0 | Subspace Access Node disabled 51270 | -1/Access_0 | Architect warped through subspace 51307 | -1/Access_0 | Architect warped through subspace 51328 | -1/Access_0 | Architect warped through subspace 51360 | -1/Access_0 | Architect warped through subspace 51383 | -1/Access_0 | Architect warped through subspace 51403 | -1/Access_0 | Found Hpw. Transdimensional Reconstructor 51409 | -1/Access_0 | Architect warped through subspace 51431 | -1/Access_0 | Architect warped through subspace 51444 | -1/Access_0 | Architect warped through subspace 51474 | -1/Access_0 | Architect warped through subspace 51501 | -1/Access_0 | A5 warped into view 51507 | -1/Access_0 | Architect warped through subspace 51512 | -1/Access_0 | Destroyed A5 51533 | -1/Access_0 | Architect warped through subspace 51554 | -1/Access_0 | Architect warped through subspace 51571 | -1/Access_0 | Architect warped through subspace 51585 | -1/Access_0 | Architect warped through subspace 51608 | -1/Access_0 | Architect warped through subspace 51640 | -1/Access_0 | Subspace Access Node disabled 51645 | -1/Access_0 | Architect warped through subspace 51679 | -1/Access_0 | Architect warped through subspace 51689 | -1/Access_0 | Found Exp. Powered Armor 51714 | -1/Access_0 | Architect warped through subspace 51752 | -1/Access_0 | Architect warped through subspace 51773 | -1/Access_0 | Found Exp. Targeting Computer 51779 | -1/Access_0 | Architect warped through subspace 51795 | -1/Access_0 | Architect warped through subspace 51808 | -1/Access_0 | Architect warped through subspace 51816 | -1/Access_0 | Architect warped through subspace 51844 | -1/Access_0 | Subspace Access Node disabled 51854 | -1/Access_0 | Core integrity fell below 50% 51856 | -1/Access_0 | Destroyed Architect 51857 | -1/Access_0 | Architect triggered a singularity event 51859 | -1/Access_0 | Warped through subspace to slip node 51859 | -1/Access_0 | Discovered new exit (range 8) 51866 | *** | Escaped singularity! Last Messages --------------- 51851_ Cep. Heavy Railcannon destroyed. 51851_ Penetrated by Quantum Shear. 51852_ HV Slug penetrates Architect. 51852_ HV Slug penetrates Wall. 51852_ Architect knocked back. 51853_ Penetrated by Quantum Shear. 51856_ Architect: "If I can't win, no one wins!" 51856_ Architect destroyed. 51857_ A0_COM: Initiating irreversible singularity event. Goodbye. 51858_ A0_COM: 10. 51859_ A0_COM: 9. 51859_ Warped through subspace, drawn to slip node. 51859_ EXIT=FOUND 51860_ A0_COM: 8. 51861_ A0_COM: 7. 51862_ A0_COM: 6. 51863_ A0_COM: 5. 51864_ A0_COM: 4. 51865_ A0_COM: 3. 51866_ A0_COM: 2. Map ----- +----------------------------------------------------+ | | | | | | | | | | | | | | | | | | | | | | | | | | | | | | | | | ?????????????????????????????????????????????????? | | ?????????????????????????????????????????????????? | | ?????????????????????????????????????????????????? | | ?????????????????????????????????????????????????? | | ?????????????????????????????????????????????????? | | ?????????????????????????????????????????????????? | | ????????????????????????###??????????????????????? | | ???????????????????????## ##?????????????????????? | | ???????????????????????# #?????????????????????? | | ???????????????????????# @ #?????????????????????? | | ??????????????????????## #?????????????????????? | | ??????????????????????# #?????????????????????? | | ??????????????????????# ##?????????????????????? | | ??????????????????????## #?????????????????????? | | ??????????????????????# #?????????????????????? | | ??????????????????????# ##?????????????????????? | | ??????????????????????# < #?????????????????????? | | ??????????????????????# ##?????????????????????? | | ??????????????????????## #??????????????????????? | | ???????????????????????####??????????????????????? | | ?????????????????????????????????????????????????? | | ?????????????????????????????????????????????????? | | ?????????????????????????????????????????????????? | | ?????????????????????????????????????????????????? | | ?????????????????????????????????????????????????? | | ?????????????????????????????????????????????????? | | ?????????????????????????????????????????????????? | | ?????????????????????????????????????????????????? | | ?????????????????????????????????????????????????? | | ?????????????????????????????????????????????????? | | ?????????????????????????????????????????????????? | | ?????????????????????????????????????????????????? | | ?????????????????????????????????????????????????? | | ?????????????????????????????????????????????????? | +----------------------------------------------------+ Best States ------------- Heat Dissipation 132 Energy Generation 122 Energy Capacity 2820 Matter Stores 300 Matter Capacity 1050 Sight Range 23 Robot Scan Range 18 Terrain Scan Range 24 Terrain Scan Density 10 Jamming Range 22 Cloak Strength 9 Power Amplification 40 Additional Mass Support 20 Base Temperature (-) 200 Armor Coverage 1100 Resistance: KI 40 Resistance: TH 60 Resistance: EX 25 Resistance: EM 75 Resistance: I 15 Resistance: S 15 Resistance: P 20 Propulsion Shielding 90 Utility Shielding 90 Weapon Shielding 100 Weapon Cycling 30 Melee Speed Boost 20 Phase Shifting 25 Evasion (%) 94 Targeting Accuracy 42 Melee Accuracy 14 Target Analysis 10 Core Analysis 8 Armor Integrity Analysis 50 Recoil Reduction 6 Kinecelleration 50 Offensive Hacking 50 Defensive Hacking 12 Authchip Count 3 Item Schematics ----------------- Spk. Treads | -9/Scraptown | Extrapolated Deep Structural Scanner | -9/Scraptown | Extrapolated Lgt. Humpback | -9/Scraptown | Extrapolated Mak. Coolant Network | -9/Scraptown | Extrapolated Mak. Leg | -9/Scraptown | Extrapolated Mak. Targeting Computer | -9/Scraptown | Extrapolated 0b10 Decoder Chip [Scout] | -9/Scraptown | Extrapolated Mak. ECM Suite | -9/Scraptown | Extrapolated 0b10 Decoder Chip [Generic] | -9/Scraptown | Extrapolated 0b10 Decoder Chip [Skirmisher] | -9/Scraptown | Extrapolated Mak. Light Armor Plating | -9/Scraptown | Extrapolated Hvy. Beamcaster | -6/Factory | Extrapolated Spk. Medium Treads | -6/Factory | Extrapolated CPS Tube | -6/Factory | Scanalyzed Mapping Drone Bay | -6/Factory | Scanalyzed Mak. Core Shielding | -6/Factory | Extrapolated Machine Rigger | -6/Factory | Extrapolated Beamcaster | -6/Factory | Extrapolated Mak. Terrain Scanner | -6/Factory | Extrapolated Mak. Trap Scanner | -6/Factory | Extrapolated Mak. Medium Armor Plating | -6/Factory | Extrapolated Tactical Coordination Suite | -6/Factory | Extrapolated Mak. Ablative Armor | -6/Factory | Extrapolated Slug Cannon | -6/Factory | Extrapolated Bore Cannon | -6/Factory | Extrapolated Mak. Hover Unit | -6/Factory | Extrapolated Mak. Axe | -6/Factory | Extrapolated 0b10 Decoder Chip [Looter] | -6/Factory | Extrapolated Plasma Cutter | -6/Factory | Hacked Nuclear Pulse Thruster | -6/Zion | Archive Imp. Coolant Injector | -6/Zion | Archive Hvy. Machine Gun | -6/Zion | Archive Imp. Shock Absorption System | -6/Zion | Archive Hyp. Gauss Rifle | -6/Zion | Archive Disruptor Cannon | -6/Zion | Archive Hvy. Plasma Cannon | -6/Zion | Archive Antimatter Reactor | -6/Zion | Archive Thermal Shield | -6/Zion | Archive Adv. Shield Generator | -6/Zion | Archive Power Amplifier | -6/Zion | Archive Tesla Rifle | -6/Zion | Archive Energy Well | -6/Zion | Archive Imp. Force Field | -6/Zion | Archive Lrn. Proton Cannon | -6/Zion | Archive Imp. Quantum Reactor | -4/Factory | Scanalyzed Adv. Matter Compressor | -3/Quarantine | Archive Enh. Armored Medium Treads | -3/Quarantine | Archive Exp. Optical Array | -3/Quarantine | Archive Exp. Power Amplifier | -3/Quarantine | Archive Imp. Matter Compressor | -2/Testing | Archive Imp. Diametric Drive | -2/Testing | Archive Exp. Myomer Leg | -2/Testing | Archive Exp. EM Disruption Field | -2/Testing | Archive Exp. Thermal Defense Suite | -2/Testing | Archive Adv. Micro-nuke Launcher | -2/Testing | Archive Cld. Antigrav System | -2/Testing | Archive Hvy. Hardcell Cannon | -2/Testing | Archive Hellfire Missile Launcher | -2/Testing | Archive Graviton Reactor | -2/Testing | Archive Imp. Q-thruster | -2/Testing | Archive Adv. Myomer Leg | -2/Testing | Archive Hvy. Proton Cannon | -2/Testing | Archive Electron Diverter | -2/Testing | Archive Exp. Thermal Generator | -2/Testing | Archive Com. Tesla Bomb Launcher | -2/Protoforge | Archive Exp. Gyrokinetic Inverter | -2/Protoforge | Archive Exp. Matter Compressor | -2/Protoforge | Archive Exp. Shield Generator | -2/Protoforge | Archive Proton Burst Cannon | -2/Protoforge | Archive Hds. Centrium Leg | -2/Protoforge | Archive Hvy. Wave Gun | -2/Protoforge | Archive Cld. Antimatter Reactor | -2/Protoforge | Archive Adv. Variable Charge Gun | -2/Protoforge | Archive Robot Schematics ------------------ A-02 Transporter | -6/Zion | Archive L-41 Fighter | -6/Zion | Archive R-06 Scavenger | -6/Zion | Archive C-57 Dissector | -6/Zion | Archive T-07 Excavator | -3/Quarantine | Archive A-15 Conveyor | -3/Quarantine | Archive A-27 Freighter | -3/Quarantine | Archive B-74 Champion | -2/Testing | Archive H-88 Terminator | -2/Protoforge | Archive K-01 Serf | -2/Protoforge | Archive Fabricated ------------ Plasma Cutter | x2 | -6/Factory Imp. Force Field | x2 | -4/Armory | Authchip Imp. Quantum Reactor | x1 | -4/Armory | Authchip Imp. Quantum Reactor | x1 | -4/Armory | Authchip Repaired ---------- Nothing Studied --------- VTOL Module | -6/Factory | Hacked Lgt. Ion Engine | -6/Factory | Hacked Imp. Treads | -4/Factory | Hacked Com. HERF Cannon | -3/Research | Hacked Nova Cannon | -3/Research | Hacked Lgt. Quantum Reactor | -2/Research | Hacked Alien Tech Used ----------------- Integrated Mediator Core Expander Sigix Broadsword Dimensional Node Initializer Subatomic Replicator Supercharged TR High-powered Transdimensional Reconstructor Concept Nanofilaments [Endoweave] Transdimensional Reconstructor Achievements -------------- None Challenges ------------ None Game ------ Seed TimingZioniteReplica Manual? 0 Play Time 08:21:44 Cumulative 1176.0 hours Start 2026.04.22 @ 20:39:38 End 2026.04.24 @ 02:14:32 Sessions 9 Manual Loads 0 Difficulty Rogue Special Mode None Game No. 367 Rogue 365 Adventurer 2 Explorer 0 Win Type 6 Total 91 Types 25/22/20/1/1/1/15/2/1/3 Lore% 98 Gallery% 92 Achievement% 87 Wizard Run 0 Options --------- Layout 0 ASCII 0 Keyboard 1 Movement Numpad Keybinds 0 Fullscreen 1 Font 24/Smallcaps Map View 76x50 Zoom Use 0% Tactical HUD 1 Map Filters NONE Filters NONE Steam 1 RUN: 632e4391-61bf-48d2-8b1f-911fee626f9d